Cogmind - Beta 17 @@@ ROGUE MODE // 2026.07.27 @ 02:15:54 Player: shapeshifter Result: Destroyed by H-88 Terminator with KE Penetrator Performance ------------- Evolutions (8) 4000 Regions Visited (32) 6400 Robots Destroyed (366) 1830 Value Destroyed (19952) 19952 Prototype IDs (81) 1620 Alien Tech Used (2) 400 Bonus (33499) 33499 TOTAL SCORE: 67701 Bonus ------- High Alert Combat Kills 3606 Follower Combat Kills 8310 Prayed to X0-1V1 5000 Major X0-1V1 Interference 10700 Entered Garrisons 1600 Used RIF Installer 4500 Aligned with FarCom 300 Scanned by Researcher 500 Friendly Fire -1017 Cogmind --------- Core Integrity 0/1250 Matter 800/800 Energy 899/900 System Corruption 29% Temperature Cool (0) Movement Core (50) Location -2/Protoforge Parts ------- > --- POWER (3) -------- (None) > --- PROPULSION (6) --- (None) > --- UTILITY (12) ----- (None) > --- WEAPON (3) ------- (None) > --- INVENTORY (5) ---- Authchip [R/Combat] Firepult Improved Potential Cannon Peak State ------------ > --- POWER ------------ Quantum Reactor Light Quantum Reactor Light Quantum Reactor > --- PROPULSION ------- Experimental Biometal Heavy Treads Enhanced Armored Heavy Treads Advanced Heavy Siege Treads > --- UTILITY ---------- Experimental Power Amplifier Advanced Heat Sink Advanced Heat Sink Cargo Storage Unit Improved Energy Well Experimental Optical Array Advanced Particle Accelerator Experimental Weapon Cycler Advanced Phase Shifter Advanced Remote Force Field Relay Coupler [Sentry] > --- WEAPON ----------- Enhanced Nova Cannon Improved Potential Cannon > --- INVENTORY -------- Experimental Energy Well Advanced EM Shield Authchip [R/Combat] Authchip [R/Combat] Authchip [R/Combat] Authchip [R/Combat] Authchip [R/Combat] Authchip [R/Combat] Authchip [R/Combat] Authchip [R/Combat] Authchip [R/Combat] Authchip [R/Combat] Improved Trap Extractor Advanced Trap Extractor Hacking Drone Bay Dimensional Node Initializer Dimensional Node Initializer Transdimensional Reconstructor High-powered Transdimensional Reconstructor High-powered Transdimensional Reconstructor Subatomic Replicator Enhanced Nova Cannon Enhanced Nova Cannon Firepult Compact Tesla Bomb Launcher Compact Tesla Bomb Launcher Advanced Remote Datajack CPS Tube Botcube [Rating: 220] Favorites ----------- Power Particle Reactor Engine Deuterium Engine Power Core Light Nuclear Core Reactor Particle Reactor Propulsion Wheel Treads Light Treads Leg Potential Leg Wheel Wheel Flight Unit Surge Thruster Utility Cargo Storage Unit Device X0-1V1's Piety Tracker Storage Cargo Storage Unit Processor Experimental Optical Array Hackware Relay Coupler [Sentry] Protection Improved Medium Armor Plating Weapon Minigun Energy Gun Arc Projector Energy Cannon Neutron Cannon Ballistic Gun Minigun Ballistic Cannon Improved Light Cannon Launcher Compact Tesla Bomb Launcher Special Weapon Advanced Remote Datajack Impact Weapon Powered Hammer Slashing Weapon Heavy Scimitar of Distortion Special Melee Weapon Datajack Build | -11 -10 -10 -10 -9 -8 -8 -8 -7 -7 -7 -7 -7 -7 -6 -6 -6 -6 -6 -5 -5 -5 -5 -4 -4 -4 -4 -3 -3 -3 -2 -2 -2 ------- Run | Yrd Mat Min Exi Min Mat Gar Mat Fac Gar Fac Low Low Zio Pro Fac Gar Fac Gar Fac Gar Fac Gar Fac Was Fac Gar Res Tes Gar Res Qua Frg Slots Evolved 16 | . . . . . 4 . . 2 . . . . . . 2 . . . 2 . . . 2 . . . 2 . . 2 . . Power 1 | . . . . . . . . . . . . . . . . . . . . . . . . . . . . . . 1 . . Propulsion 5 | . . . . . 1 . . . . . . . . . 1 . . . . . . . 1 . . . 2 . . . . . Utility 9 | . . . . . 2 . . 2 . . . . . . 1 . . . 2 . . . 1 . . . . . . 1 . . Weapon 1 | . . . . . 1 . . . . . . . . . . . . . . . . . . . . . . . . . . . Parts Attached 350 | 8 4 4 4 1 19 10 16 11 30 . 6 6 1 . 20 29 7 7 9 18 4 19 9 . . 23 1 21 17 28 13 5 Power 50 | 1 . 1 . . 4 3 2 4 4 . . 1 . . 2 6 . 1 . 1 1 2 . . . 4 . 2 1 4 4 2 Engine 13 | 1 . 1 . . 1 2 2 1 2 . . . . . 1 1 . 1 . . . . . . . . . . . . . . Core 18 | . . . . . 3 1 . 3 2 . . 1 . . 1 5 . . . . 1 . . . . 1 . . . . . . Reactor 19 | . . . . . . . . . . . . . . . . . . . . 1 . 2 . . . 3 . 2 1 4 4 2 Propulsion 66 | 2 . 1 . 1 6 1 4 . 8 . . 1 . . 4 3 3 2 3 4 1 2 4 . . 4 . 3 4 5 . . Treads 22 | 2 . 1 . . 1 . . . 1 . . 1 . . 1 1 . 2 . 1 . 2 2 . . 2 . 1 1 3 . . Leg 12 | . . . . . 1 . . . 3 . . . . . . 1 1 . . 2 . . . . . . . . 3 1 . . Wheel 28 | . . . . 1 3 1 4 . 1 . . . . . 3 1 2 . 3 1 1 . 2 . . 2 . 2 . 1 . . Hover . | . . . . . . . . . . . . . . . . . . . . . . . . . . . . . . . . . Flight 4 | . . . . . 1 . . . 3 . . . . . . . . . . . . . . . . . . . . . . . Utility 153 | 2 2 1 3 . 4 5 5 4 15 . 2 4 1 . 9 13 2 1 1 10 2 11 5 . . 13 1 9 9 14 4 1 Device 57 | 1 1 1 2 . . 1 1 1 8 . 1 1 . . 2 5 1 . . 4 1 2 1 . . 5 . 3 4 6 4 1 Storage 12 | 1 1 . 1 . 1 . . . 2 . . . . . 1 . . . . . . 1 . . . 1 . 3 . . . . Processor 8 | . . . . . 1 . 1 . . . . 1 . . . 4 . . . . . . . . . . . . . 1 . . Hackware 54 | . . . . . 1 1 2 1 5 . . 1 1 . 5 3 1 1 . 4 1 6 4 . . 4 1 1 5 6 . . Protection 22 | . . . . . 1 3 1 2 . . 1 1 . . 1 1 . . 1 2 . 2 . . . 3 . 2 . 1 . . Artifact . | . . . . . . . . . . . . . . . . . . . . . . . . . . . . . . . . . Weapon 81 | 3 2 1 1 . 5 1 5 3 3 . 4 . . . 5 7 2 3 5 3 . 4 . . . 2 . 7 3 5 5 2 Energy Gun 9 | 2 . . . . . . . . . . . . . . 2 2 1 . . . . . . . . . . 2 . . . . Energy Cannon 13 | . . . . . . . 1 . . . . . . . . . . . 3 1 . 1 . . . . . 3 . . 4 . Ballistic Gun 24 | 1 . . . . . . 3 3 1 . 4 . . . 1 2 1 3 . . . 2 . . . 1 . 1 1 . . . Ballistic Cannon 12 | . 2 1 . . 3 . 1 . . . . . . . . . . . . 1 . 1 . . . . . . 1 2 . . Launcher 9 | . . . . . 1 . . . 1 . . . . . . 1 . . 1 . . . . . . . . . . 2 1 2 Special Weapon 8 | . . . . . . . . . . . . . . . 2 1 . . . 1 . . . . . 1 . 1 1 1 . . Impact Weapon 1 | . . . . . . . . . 1 . . . . . . . . . . . . . . . . . . . . . . . Slashing Weapon 3 | . . . 1 . . 1 . . . . . . . . . 1 . . . . . . . . . . . . . . . . Piercing Weapon . | . . . . . . . . . . . . . . . . . . . . . . . . . . . . . . . . . Special Melee Weapon 2 | . . . . . 1 . . . . . . . . . . . . . 1 . . . . . . . . . . . . . Unidentified Prototypes 31 | . 1 . . . . . 1 . 1 . . . . . 1 4 . . . 1 . 1 . . . . . 9 . 9 1 2 Corrupted Parts 7 | . . . . . . . . . . . . . . . . 1 . 1 . 1 . . . . . . . 2 . 1 . 1 System Corruption 24 | . . . . . . . . . . . . . . . . 2 . 3 . 6 . . . . . . . 11 . 1 . 1 Parts Lost 117 | . . 2 . 1 4 5 5 9 11 . . 4 . . . 18 1 5 3 11 . 1 . . . 8 . 6 4 2 . 17 Power 25 | . . . . . 1 1 2 2 2 . . 1 . . . 5 . 2 1 1 . . . . . 1 . 1 1 . . 4 Propulsion 33 | . . . . 1 3 1 2 3 3 . . . . . . 3 . 2 1 3 . 1 . . . 2 . 3 2 . . 3 Utility 40 | . . 1 . . . 3 . . 5 . . 3 . . . 6 . . 1 6 . . . . . 3 . 1 1 2 . 8 Weapon 19 | . . 1 . . . . 1 4 1 . . . . . . 4 1 1 . 1 . . . . . 2 . 1 . . . 2 Highest Loss Streak 14 | . . 1 . 1 2 1 2 5 4 . . 2 . . . 8 1 3 1 7 . 1 . . . 7 . 3 3 1 . 14 To Critical Strikes 2 | . . . . . . . . . 1 . . . . . . . . . . . . . . . . . . . . . . 1 Average Backups 21 | 2 8 9 9 9 9 15 19 19 19 24 23 22 22 21 23 25 27 26 27 27 27 26 21 21 21 24 27 26 27 26 26 26 Power . | . . . 1 3 1 . . . . . . . . . . . . . . . . . . . . . . . . . . . Propulsion 1 | . . . . 2 2 2 2 2 4 5 5 4 2 2 2 1 . 2 2 1 1 1 2 3 3 2 . . . . . . Utility 14 | . 3 4 3 1 2 8 12 12 12 15 15 14 14 13 13 16 20 19 18 18 19 17 13 12 12 17 21 19 23 20 16 15 Weapon 3 | . 2 4 4 2 1 2 4 3 2 3 3 2 3 4 4 3 2 2 4 4 4 3 2 2 2 2 2 2 2 4 5 4 Tool/Special . | . . . . . . . . . . . . . . . . . . . . . . . . . . . . . . . . . Unused Backups 88 | . 2 . 4 . 6 3 1 . 11 3 4 2 . . . 2 3 1 1 3 . 10 . . . 7 . 2 2 . 5 16 Power 5 | . 1 . . . 3 . . . . . . . . . . . . . . . . . . . . 1 . . . . . . Propulsion 15 | . . . . . 1 . . . 7 2 . 2 . . . . . . . 2 . . . . . . . . 1 . . . Utility 48 | . 1 . 2 . 1 3 1 . 2 1 3 . . . . 1 3 . . 1 . 8 . . . 5 . 2 1 . 3 10 Weapon 11 | . . . 2 . . . . . 2 . 1 . . . . 1 . 1 1 . . 2 . . . 1 . . . . . . Tool/Special 9 | . . . . . 1 . . . . . . . . . . . . . . . . . . . . . . . . . 2 6 Average Slot Usage (%) 83 | . 99 93 88 93 92 96 74 95 81 85 85 80 69 83 86 80 90 86 82 75 78 79 80 85 85 79 79 75 70 81 82 77 Engine 4 | . 14 12 12 12 2 2 9 2 3 14 14 10 7 7 6 2 . 2 6 . . . . . . . . . . . . . Core 2 | . . . . . 11 12 . 11 5 . . . 1 7 6 6 12 7 . . 2 4 . . . . . . . . . . Reactor 3 | . . . . . . . . . . . . . . . . . . . . 2 5 6 10 10 10 9 9 8 7 9 12 10 Treads 7 | . 28 32 37 27 6 . . . 1 7 7 6 7 7 2 . . 3 7 . . . 3 . . 5 9 8 5 8 12 11 Leg 1 | . . . . . . . . . 6 . . . . . . 5 15 4 . 11 1 . . . . . . . 6 5 . . Wheel 4 | . . . . 3 7 14 6 12 1 . . . . . 13 6 1 9 7 1 7 5 6 15 15 5 4 8 5 3 . . Device 10 | . 13 15 19 25 16 10 . 6 8 14 8 6 7 5 7 7 1 . . 7 10 10 9 5 8 12 11 11 8 14 24 25 Storage 6 | . 14 12 12 12 8 8 8 7 7 7 7 7 7 7 6 6 6 6 5 5 5 5 5 5 5 5 4 4 4 4 4 8 Processor 7 | . . . . . 4 . 7 7 7 7 7 6 7 7 6 18 18 18 16 11 10 10 10 10 10 10 9 8 7 4 5 4 Hackware 12 | . . . . . 7 8 9 14 18 14 14 17 21 28 22 11 22 25 22 14 15 13 15 20 16 13 15 14 9 15 8 3 Protection 3 | . . . . . 3 12 14 12 4 . 5 2 . . 2 1 . . 3 6 5 4 5 5 5 5 1 1 4 1 . . Energy Cannon 1 | . . . . . . . . . . . . . . . . . . . 3 4 5 2 5 5 5 1 . 1 . . 8 10 Ballistic Gun 5 | . . . . . . . 6 20 7 21 21 20 10 14 6 3 4 6 4 . . 5 . . . 3 4 . . . . . Ballistic Cannon 3 | . 27 18 2 12 13 16 6 . . . . . . . . . . . . 2 5 2 5 5 5 . . . 3 . 1 . Special Weapon 1 | . . . . . . . . . . . . . . . 1 4 6 2 . 2 2 4 5 5 5 4 4 3 4 3 . . Peak Build Rating 220 | 7 22 28 32 32 45 54 52 76 80 79 79 79 78 78 84 99 95 90 90 119 108 114 135 113 117 140 144 179 186 203 220 213 Average Rating 92 | 5 11 19 26 31 41 48 40 70 65 78 77 74 68 75 71 84 89 75 82 99 99 104 121 112 116 125 141 146 149 178 206 196 On Entrance 84 | . 7 22 13 32 31 44 52 47 60 79 79 79 77 78 65 70 91 73 74 76 107 104 114 111 113 117 126 142 145 150 192 213 Avg Prop Armor Cover (%) 11 | . . . . 20 2 . . . . . . . . . 16 10 8 10 10 5 4 4 8 . . 8 21 19 8 4 9 9 Naked Turns 4 | . . . . . . . . . . . . . . . . . . . . . . . . . . . . . . . . 4 Heaviest Build 268 | 15 24 26 26 26 115 134 128 117 168 168 190 190 165 167 194 199 161 162 184 178 195 228 229 227 228 229 224 264 256 259 267 268 Greatest Support 245 | 40 40 60 60 60 40 20 26 26 87 87 87 75 75 75 95 75 80 22 32 80 38 38 48 48 48 150 28 135 30 245 245 165 Greatest Overweight (x) 51 | . . . . 2 5 12 40 11 36 1 2 2 2 2 16 51 6 13 15 15 6 8 8 4 4 8 7 7 11 10 1 3 Average Overweight (x) 3 | . . . . 1 1 5 8 4 3 1 1 2 1 2 4 4 1 9 11 3 5 6 7 4 4 5 7 4 9 2 . 1 Largest Inventory Capacity 30 | 8 10 10 10 10 25 25 25 25 30 30 30 30 30 30 30 30 30 30 30 30 30 30 30 30 30 30 30 30 30 30 30 30 Average Capacity 26 | 7 9 10 10 10 11 25 25 25 25 30 30 30 30 30 30 30 30 30 30 30 30 30 30 30 30 30 30 30 30 30 30 29 Most Carried 30 | 5 10 10 10 10 11 25 25 25 30 30 30 30 30 27 30 30 30 30 30 30 30 30 30 27 27 30 30 30 30 30 30 30 Average Carried 25 | 2 8 9 9 10 10 20 24 22 23 29 29 28 27 26 29 29 29 29 29 29 29 29 25 26 26 28 27 29 29 29 29 29 Final Capacity 30 | 8 10 10 10 10 25 25 25 25 30 30 30 30 30 30 30 30 30 30 30 30 30 30 30 30 30 30 30 30 30 30 30 30 Final Carried 30 | 4 10 10 10 10 11 23 25 20 30 30 30 26 27 27 30 27 30 30 30 30 30 30 26 27 26 30 28 30 30 30 30 30 Class Distribution -------------------- 19% | Mutant 17% | Botlord-Mutant 14% | Trapper-Tank 10% | Botlord-Gunner 9% | Bothacker-Mutant 7% | Trapper-Mutant 6% | Commander-Gunner 4% | Botlord-Tank 4% | Hauler-Tank Dominant Class ---------------- Mutant | -10/Materials Mutant | -10/Mines Mutant | -10/Exiles Mutant | -9/Mines Mutant | -8/Materials Mutant | -8/Garrison Bothacker-Mutant | -8/Materials Bothacker-Tank | -7/Factory Bothacker-Mutant | -7/Garrison Hauler-Tank | -7/Factory Trapper-Tank | -7/Lower Caves Trapper-Tank | -7/Lower Caves Trapper-Tank | -7/Zion Trapper-Mutant | -6/Proximity Caves Trapper-Mutant | -6/Factory Botlord-Mutant | -6/Garrison Botlord-Mutant | -6/Factory Botlord-Mutant | -6/Garrison Botlord-Mutant | -5/Factory Botlord-Gunner | -5/Garrison Botlord-Gunner | -5/Factory Commander-Gunner | -5/Garrison Commander-Tank | -4/Factory Botlord-Gunner | -4/Waste Commander-Gunner | -4/Factory Botlord-Mutant | -4/Garrison Botlord-Mutant | -3/Research Trapper-Mutant | -3/Testing Botlord-Gunner | -3/Garrison Botlord-Tank | -2/Research Trapper-Tank | -2/Quarantine Trapper-Tank | -2/Protoforge Resources | -11 -10 -10 -10 -9 -8 -8 -8 -7 -7 -7 -7 -7 -7 -6 -6 -6 -6 -6 -5 -5 -5 -5 -4 -4 -4 -4 -3 -3 -3 -2 -2 -2 ----------- Run | Yrd Mat Min Exi Min Mat Gar Mat Fac Gar Fac Low Low Zio Pro Fac Gar Fac Gar Fac Gar Fac Gar Fac Was Fac Gar Res Tes Gar Res Qua Frg Matter Collected 16919 | 290 413 52 53 171 747 663 563 500 1208 24 251 750 . 26 828 845 171 860 192 605 166 1716 358 135 29 1640 250 998 641 857 731 186 Remotely . | . . . . . . . . . . . . . . . . . . . . . . . . . . . . . . . . . Salvage Created 18350 | 54 273 119 . 36 709 780 898 564 1700 60 332 414 49 26 461 393 160 263 574 432 4 1145 90 . 61 668 147 1954 555 2108 2114 1207 Parts 807 | 8 24 6 . 11 31 46 47 29 55 5 17 19 3 1 16 29 6 13 20 17 2 44 10 . 3 17 5 79 17 77 97 53 Haulers Intercepted 3 | . 1 . . . . . 1 . . . . . . . 1 . . . . . . . . . . . . . . . . . Recyclers Shooed 7 | . . . . . 1 . 2 . . . . . . . 1 . . . . . . . . . . . . . . 3 . . Parts Field Recycled . | . . . . . . . . . . . . . . . . . . . . . . . . . . . . . . . . . Retrieved Matter . | . . . . . . . . . . . . . . . . . . . . . . . . . . . . . . . . . Parts Self-Destructed 35 | . . . . . . . . . . . 22 12 . 1 . . . . . . . . . . . . . . . . . . Prevented . | . . . . . . . . . . . . . . . . . . . . . . . . . . . . . . . . . Parts Restored . | . . . . . . . . . . . . . . . . . . . . . . . . . . . . . . . . . Kills | -11 -10 -10 -10 -9 -8 -8 -8 -7 -7 -7 -7 -7 -7 -6 -6 -6 -6 -6 -5 -5 -5 -5 -4 -4 -4 -4 -3 -3 -3 -2 -2 -2 ------- Run | Yrd Mat Min Exi Min Mat Gar Mat Fac Gar Fac Low Low Zio Pro Fac Gar Fac Gar Fac Gar Fac Gar Fac Was Fac Gar Res Tes Gar Res Qua Frg Combat Hostiles Destroyed 273 | . 9 4 . 3 19 31 12 11 12 1 6 6 . . 5 14 2 8 12 5 . 10 . . 1 8 2 24 13 21 21 13 Melee 14 | . . . . . . 6 . . 6 . . . . . . . . . . . . . . . . . 2 . . . . . Guns 54 | . . . . . . . 1 10 . 1 6 6 . . 3 8 . 8 1 . . . . . . . . 9 1 . . . Cannons 91 | . 9 4 . 3 15 3 3 . . . . . . . . . . . 3 5 . 5 . . 1 3 . 5 8 4 11 9 AOE 80 | . . . . . 4 22 8 1 1 . . . . . . 5 2 . 8 . . 5 . . . 5 . 4 4 6 4 1 Classes Destroyed 25 | 1 5 1 . . 3 1 1 2 . . 2 2 2 . 1 . . . . . . . . . . 1 . 2 . . 1 . Worker 23 | . 1 . . . 2 . 1 2 1 . . . . . 2 . . . 3 . . . 4 . 1 . . 3 . 2 1 . Builder 16 | . . . . . 2 . 6 . . . . . . . 1 . . . 1 . 1 . . . . . . 1 . 1 1 2 Tunneler 7 | 3 . . . 1 2 . . . . . . . . . . . . . . . . . . . . . . . . 1 . . Hauler 3 | . 1 . . . . . 1 . . . . . . . 1 . . . . . . . . . . . . . . . . . Recycler 10 | . . . . . 2 . 4 1 . . . . . . . . 1 . 1 . . . . . . . . . . 1 . . Minesweeper 2 | . . . . . . . . . . . 1 . . 1 . . . . . . . . . . . . . . . . . . Mechanic 3 | . . . . . . . 1 . . . . . . . . . . . . . . . . . . . . 1 . . 1 . Operator 3 | . . . . . . . . 1 . . . . . . . . . . . . . . . . . . . . . 1 1 . Watcher 8 | . 3 . . . 1 . . . . . . . . . . . . . . . . . 1 . . . . . . . 2 1 Swarmer 73 | . 2 . . 3 2 18 . 6 4 . . . . . 1 11 2 4 . . . 8 . . . 4 . . 8 . . . Saboteur 2 | . . . . . . . . . . . . . . . . . . . . . . . . . . . . 1 . 1 . . Grunt 118 | . 7 2 . . 13 12 10 3 4 . 4 3 . . 3 3 . 3 6 . . 1 . . . 1 . 16 1 10 7 9 Brawler 6 | . . . . . . . . 1 1 . . . . . . . . . . . . . . . . . . 1 . 3 . . Duelist 5 | . . . . . . . . . . . 1 1 . . . . . . . . . . . . . . . . . 3 . . Researcher 5 | . . . . . . . . . . . . . . . . . . . . . . . . . . . . 4 . . 1 . Sentry 18 | . . 2 . . 3 . 1 1 1 1 1 . . . . . . . 4 . . . . . . . . 1 2 . . 1 Specialist 1 | . . . . . . 1 . . . . . . . . . . . . . . . . . . . . . . . . . . Hunter 24 | . . . . . 1 . 2 . 3 . . . . . . . . . . 2 . . . . . 1 2 4 1 3 4 1 Programmer 27 | . . . . . . . . . . . . . . . 1 . . 1 2 3 . 1 . . 1 1 . 4 . 2 9 2 Behemoth 3 | . . . . . . . . . . . . 1 . . . . . . . . . . . . . 1 . . 1 . . . Fortress 1 | . . . . . . . . . . . . . . . . . . . . . . . . . . . . . . . 1 . Zionite 1 | . . . . . . . . . . . . . 1 . . . . . . . . . . . . . . . . . . . Decomposer 2 | . . . . . . . . . . . . 2 . . . . . . . . . . . . . . . . . . . . Packrat 1 | . . . . . . . . . . . . 1 . . . . . . . . . . . . . . . . . . . . Tinkerer 1 | . . . . . . . . . . . . . 1 . . . . . . . . . . . . . . . . . . . Master Thief 1 | . . . . . . . . . . . . 1 . . . . . . . . . . . . . . . . . . . . Surgeon 1 | . . . . . . . . . . . . . . . . . . . . . . . . . . 1 . . . . . . Wasp 2 | . . . . . . . . . . . . . . . . . . . . . . . . . 1 1 . . . . . . Martyr 2 | . . . . . . . . . . . . . . . . . . . . . . . . . . 2 . . . . . . Guerrilla 1 | . . . . . . . . . . . . . . . . . . . . . . . . . . . . . 1 . . . Best Kill Streak 13 | 1 3 2 . 3 6 9 7 5 3 1 3 4 1 1 2 7 3 4 9 2 1 5 4 . 1 7 2 13 8 12 6 5 Combat Bots Only 9 | . 2 2 . 3 4 9 4 4 3 1 3 4 . . 1 7 2 4 8 2 . 5 . . 1 7 2 8 8 9 5 4 Max Kills in Single Turn 5 | 1 1 1 . 1 2 4 4 2 1 1 1 1 1 1 1 3 3 2 3 1 1 5 1 . 1 4 1 3 4 2 3 2 Gunslinging 1 | . . . . . . . . . . . . . . . . . . 1 . . . . . . . . . . . . . . Exploded 5 | . . . . . 1 4 2 1 1 . . . . . . 3 2 . 2 . . 5 . . . 4 . 2 3 2 3 1 Melee 1 | . . . . . . 1 . . 1 . . . . . . . . . . . . . . . . . 1 . . . . . Uniques/NPCs Destroyed . | . . . . . . . . . . . . . . . . . . . . . . . . . . . . . . . . . Combat | -11 -10 -10 -10 -9 -8 -8 -8 -7 -7 -7 -7 -7 -7 -6 -6 -6 -6 -6 -5 -5 -5 -5 -4 -4 -4 -4 -3 -3 -3 -2 -2 -2 -------- Run | Yrd Mat Min Exi Min Mat Gar Mat Fac Gar Fac Low Low Zio Pro Fac Gar Fac Gar Fac Gar Fac Gar Fac Was Fac Gar Res Tes Gar Res Qua Frg Hostile Shots Fired 2319 | . 53 30 . 19 71 85 114 130 122 18 33 41 . 30 61 169 49 61 48 53 3 41 4 . 8 142 24 347 124 58 161 220 Missed 710 | . 17 7 . 4 26 29 28 42 27 6 11 11 . 10 15 41 18 20 18 14 1 16 3 . 3 42 8 130 47 25 40 51 Hits 1609 | . 36 23 . 15 45 56 86 88 95 12 22 30 . 20 46 128 31 41 30 39 2 25 1 . 5 100 16 217 77 33 121 169 Melee 45 | . . . . . . . . 2 1 . 2 7 . . . 16 . . . 1 . . . . . . . . . 4 . 12 Projectile 1564 | . 36 23 . 15 45 56 86 86 94 12 20 23 . 20 46 112 31 41 30 38 2 25 1 . 5 100 16 217 77 29 121 157 AOE 7 | . . . . . . . . 2 3 . . . . . . 1 . . . . . . . . 1 . . . . . . . Critical Strikes 81 | . 2 2 . . 2 1 3 2 4 . . . . . 3 5 . 1 3 4 1 1 . . 1 3 . 9 3 1 11 19 Part Disruptions 6 | . . . . . . . . . . . . . . . . 1 . . . 1 1 . . . . . . 1 . . 1 1 Damage Taken 29104 | . 396 317 . 122 660 783 1355 1350 1455 77 392 499 . 179 535 2883 356 632 733 863 44 552 78 18 192 2301 297 3784 1719 764 1440 4328 Core 3955 | . 55 50 . 8 102 97 163 129 291 5 96 37 . 51 39 493 74 138 89 140 . 59 . . 25 166 71 242 147 102 100 986 Absorbed by Shields 3495 | . . . . . . . . . . . . . . . 548 238 . . . . . . . . . 152 . 440 235 251 1174 457 Reduced by Siege Mode 22 | . . . . . . . . . . . . . . . . . . . . . . . . . . . . . . . 22 . Ignored by Resistances 1817 | . . 28 . . 62 64 116 84 69 5 38 112 . 11 94 55 18 44 40 . 4 22 . . 16 70 . 315 28 12 324 186 Regen/Repaired (Parts) 2622 | . . . . . . . . . . . . . . . . . . . 229 . . . . . 13 137 . 1288 787 168 . . Core Remaining (%) 61 | 100 . . . 61 . . 22 . . . . . . 81 . . . 11 . . . 79 . . . 79 . . 58 . . . Volleys Fired 1279 | 12 48 25 . 13 59 28 43 39 48 2 18 23 2 10 71 75 21 24 22 64 10 117 30 11 15 82 6 122 64 53 76 46 Largest 3 | 2 2 2 . 1 2 2 3 3 3 3 3 3 3 2 2 2 1 2 2 2 1 2 1 1 1 2 1 1 2 2 3 3 Hottest 360 | 70 66 66 . 33 74 74 250 75 75 75 75 84 84 56 110 110 65 56 180 180 10 90 90 90 90 144 7 250 200 98 360 360 Shots Fired 1953 | 24 96 31 . 14 105 37 77 111 128 6 56 69 7 20 115 100 22 28 38 73 11 149 30 12 16 85 6 121 66 66 148 86 Gun 839 | 24 . . . . . . 38 111 127 6 56 69 7 20 94 85 7 25 4 . . 62 . . . 25 . 68 11 . . . Cannon 741 | . 96 31 . 14 98 17 30 . . . . . . . . . . . 28 72 1 43 6 5 5 25 . 24 30 10 135 71 Launcher 103 | . . . . . 7 20 9 . 1 . . . . . . 2 1 . 6 . . 1 . . . 2 . . . 31 10 13 Special 270 | . . . . . . . . . . . . . . . 21 13 14 3 . 1 10 43 24 7 11 33 6 29 25 25 3 2 Kinetic 969 | 12 96 31 . 14 98 17 65 111 127 6 56 69 7 20 23 11 1 25 4 9 1 77 . 2 . 37 . . 36 10 4 . Thermal 447 | 12 . . . . . . 3 . . . . . . . . . . . 28 63 . 28 6 3 5 13 . 79 5 . 131 71 Explosive 49 | . . . . . 7 20 9 . 1 . . . . . . 2 1 . 6 . . 1 . . . 2 . . . . . . Electromagnetic 218 | . . . . . . . . . . . . . . . 71 74 6 . . . . . . . . . . 13 . 31 10 13 Robot Hit Streak 44 | 2 5 13 . 2 12 6 6 13 27 32 12 18 3 4 11 9 7 17 7 11 12 44 18 3 3 10 11 37 23 11 8 11 Robot Miss Streak 11 | 3 8 2 . 3 8 7 11 5 3 . 3 2 1 1 4 6 5 2 4 3 1 5 1 1 2 6 . 2 2 3 5 4 Penetration Max 1 | . . . . . . . . . . . . 1 . . . . . . . . . . . . . 1 . . 1 . . . Secondary Targets 11 | . . . . . . . 1 3 . . 2 2 . . 1 . . 2 . . . . . . . . . . . . . . Max Gunslinging Chain 1 | . . . . . . . 1 1 . . 1 1 . . 1 . . 1 . . . . . . . . . . . . . . Shots Hit Robots 1362 | 12 38 20 . 7 88 38 44 64 146 5 36 49 4 8 82 69 14 25 31 44 9 115 27 3 10 73 9 105 39 46 60 42 Core Hits 869 | 4 17 6 . 4 110 58 58 27 62 3 15 19 3 3 19 41 8 36 65 21 1 44 5 . 3 49 3 60 13 49 35 28 Critical Kills 10 | . . . . . . . . . 3 . . 1 . . . . . . . . . 1 . . . . . . 1 . 4 . Critical Parts Destroyed 8 | . . . . . . . 1 . 6 . . . . . . . . . . . . . . . . . . 1 . . . . Critical Strikes 25 | . 2 1 . . . . 1 . 9 . . 1 . . . . . . . . . 1 . . . . . 2 2 2 4 . Meltdown 4 | . . . . . . . . . . . . . . . . . . . . . . . . . . . . . . . 4 . Destroy 7 | . . . . . . . 1 . 2 . . 1 . . . . . . . . . 1 . . . . . 1 1 . . . Blast 6 | . 2 1 . . . . . . . . . . . . . . . . . . . . . . . . . . 1 2 . . Corrupt 1 | . . . . . . . . . . . . . . . . . . . . . . . . . . . . 1 . . . . Smash 7 | . . . . . . . . . 7 . . . . . . . . . . . . . . . . . . . . . . . Melee Attacks 182 | . . . . . 2 43 6 3 77 . . . . . . 8 . . 6 10 . . . . . 18 8 1 . . . . Impact 71 | . . . . . . . . . 71 . . . . . . . . . . . . . . . . . . . . . . . Slashing 86 | . . . . . . 41 4 . . . . . . . . 8 . . . 6 . . . . . 18 8 1 . . . . Piercing . | . . . . . . . . . . . . . . . . . . . . . . . . . . . . . . . . . Sneak Attacks 18 | . . . . . 1 . 4 1 6 . . . . . . . . . 5 1 . . . . . . . . . . . . Combat Hostiles . | . . . . . . . . . . . . . . . . . . . . . . . . . . . . . . . . . Follow-up Attacks . | . . . . . . . . . . . . . . . . . . . . . . . . . . . . . . . . . Damage Inflicted 48769 | 122 879 412 . 126 2076 2450 2434 1387 4251 80 608 1051 80 132 840 999 218 474 2745 1501 44 2703 225 . 305 3794 144 5076 1908 3181 4886 3638 Guns 10863 | 122 . . . . . . 285 1116 1766 80 608 1051 80 132 840 625 24 474 72 . . 1229 . . . 571 . 1657 131 . . . Cannons 17103 | . 879 411 . 126 1452 240 373 . . . . . . . . . . . 672 1426 44 1243 225 . 123 875 . 1260 1202 414 3812 2326 Explosions 15857 | . . . . . 618 1407 1441 255 138 . . . . . . 333 194 . 2001 . . 231 . . 182 1360 . 2085 560 2739 1007 1306 Melee 4733 | . . . . . . 803 335 . 2347 . . . . . . 41 . . . 75 . . . . . 988 144 . . . . . Ramming 213 | . . 1 . . 6 . . 16 . . . . . . . . . . . . . . . . . . . 74 15 28 67 6 Kinetic 13825 | 60 879 411 . 126 1452 240 568 1116 1766 80 608 1051 80 132 323 180 . 474 72 . 44 1712 . . . 1033 . . 1004 414 . . Thermal 16666 | 62 . . . . . . 352 255 . . . . . . . . . . 736 1426 . 760 225 . 305 684 . 4629 889 50 3914 2379 Explosive 7126 | . . . . . 618 1407 1179 . 138 . . . . . . 333 194 . 1937 . . 231 . . . 1089 . . . . . . Electromagnetic 6206 | . . . . . . . . . . . . . . . 517 445 24 . . . . . . . . . . 373 . 2689 905 1253 Impact 2347 | . . . . . . . . . 2347 . . . . . . . . . . . . . . . . . . . . . . . Slashing 2386 | . . . . . . 803 335 . . . . . . . . 41 . . . 75 . . . . . 988 144 . . . . . Piercing . | . . . . . . . . . . . . . . . . . . . . . . . . . . . . . . . . . Highest Corruption 32 | . . 2 2 20 . 32 32 10 18 . . 4 8 16 1 2 2 10 . 19 9 12 . 18 6 8 . 24 27 4 24 29 Average Corruption 12 | . . 2 2 2 . 28 32 7 17 . . 4 5 16 1 1 2 9 . 9 9 9 . 9 6 7 . 16 26 2 17 25 Corruption Purged . | . . . . . . . . . . . . . . . . . . . . . . . . . . . . . . . . . Corruption Blocked . | . . . . . . . . . . . . . . . . . . . . . . . . . . . . . . . . . Effects 638 | . . 7 5 20 . 32 46 6 50 . . 2 14 21 4 10 . 4 . 40 13 45 . 14 7 23 . 67 95 10 73 30 Message Errors 142 | . . 2 2 2 . 7 11 3 9 . . 1 3 3 . 2 . 1 . 14 2 4 . 3 2 5 . 15 31 2 13 5 Matter Fused 148 | . . 1 2 6 . 12 10 2 12 . . . 2 4 1 3 . 2 . 9 3 12 . 3 2 5 . 13 16 4 17 7 Heat Flow Errors 71 | . . . . 2 . 2 1 . 8 . . 1 3 2 1 1 . . . 5 2 4 . 3 . 6 . 6 15 1 7 1 Energy Discharges 72 | . . 2 1 3 . 3 5 1 7 . . . 3 3 1 2 . . . 2 3 6 . 1 . 2 . 7 10 1 8 1 Parts Rejected 8 | . . . . . . . 2 . . . . . . . . . . . . . . . . . . 1 . 3 1 1 . . Parts Fused 6 | . . . . 1 . 1 1 . . . . . . . 1 . . . . . . 1 . . . . . 1 . . . . Data Loss (minor) 71 | . . . . 2 . 5 3 . 7 . . . 1 3 . 2 . . . 5 1 9 . 1 1 1 . 8 11 1 8 2 Data Loss (major) 33 | . . 2 . 3 . . 2 . 4 . . . . 2 . . . . . 3 1 3 . 1 1 1 . 3 4 . 1 2 Misfires 27 | . . . . 1 . 1 3 . 1 . . . 1 2 . . . . . 1 1 3 . 1 1 1 . 3 . . 5 2 Alerts 18 | . . . . . . . . . 1 . . . 1 . . . . 1 . . . 3 . . . 1 . 1 5 . 5 . Misdirections 12 | . . . . . . . 6 . 1 . . . . . . . . . . . . . . 1 . . . 2 . . 1 1 Weapon Failures 30 | . . . . . . 1 2 . . . . . . 2 . . . . . 1 . . . . . . . 5 2 . 8 9 Overload Shots . | . . . . . . . . . . . . . . . . . . . . . . . . . . . . . . . . . Overflow Damage 1946 | . 23 . . . 7 115 8 45 458 . . . . . . . 1 . 11 53 . 53 . . 70 46 . 216 219 40 369 212 Projectiles 956 | . 23 . . . . . . . . . . . . . . . . . 7 53 . 53 . . . 15 . 62 143 37 369 194 Explosions 408 | . . . . . 7 17 8 45 . . . . . . . . 1 . 4 . . . . . 70 5 . 154 76 3 . 18 Melee 582 | . . . . . . 98 . . 458 . . . . . . . . . . . . . . . . 26 . . . . . . Knockbacks 85 | . 1 2 . 2 54 6 5 . 1 . . . . . . . . . . . . 3 . . . 1 . 1 3 5 1 . Impact 4 | . . . . . . . . . 1 . . . . . . . . . . . . . . . . . . 1 . 1 1 . Kinetic 70 | . 1 2 . 2 47 6 4 . . . . . . . . . . . . . . 2 . . . 1 . . 3 2 . . Secondary 11 | . . . . . 7 . 1 . . . . . . . . . . . . . . 1 . . . . . . . 2 . . Self-Inflicted Damage 1137 | . . . . . . 29 99 8 . . . . . . . 103 24 . 89 . . 45 . . . 40 . 252 58 219 73 98 Shots 49 | . . . . . . 1 7 . . . . . . . . 6 1 . 5 . . 2 . . . 1 . 3 1 13 5 4 Rammed 16 | . . 1 . . 1 . . 2 . . . . . . . . . . . . . . . . . . . 4 1 2 3 2 Targets Rammed 16 | . . 1 . . 1 . . 2 . . . . . . . . . . . . . . . . . . . 4 1 2 3 2 Kicked . | . . . . . . . . . . . . . . . . . . . . . . . . . . . . . . . . . Crushed . | . . . . . . . . . . . . . . . . . . . . . . . . . . . . . . . . . Highest Temperature 502 | 45 153 71 . 211 . 208 260 237 262 . 18 92 147 257 341 270 1 261 283 276 250 248 40 236 313 396 . 502 223 372 478 292 Average Temperature 92 | 16 38 30 . 111 . 95 115 38 95 . 10 24 68 119 129 135 1 143 97 110 127 35 19 83 84 145 . 103 84 50 118 109 Received Heat Transfer 4970 | . 204 126 . . 315 306 513 327 348 18 162 141 . 42 168 137 66 192 144 . 36 60 . . 48 463 . 624 33 17 85 395 Effects 19 | . . . . . . . . . . . . . . . 1 . . . . 2 . . . . . . . 7 . . 5 4 Shutdowns 4 | . . . . . . . . . . . . . . . . . . . . . . . . . . . . 2 . . 2 . Energy Bleed 3 | . . . . . . . . . . . . . . . . . . . . . . . . . . . . 1 . . 1 1 Interference 6 | . . . . . . . . . . . . . . . 1 . . . . 2 . . . . . . . . . . . 3 Short Circuit 2 | . . . . . . . . . . . . . . . . . . . . . . . . . . . . . . . 2 . Damage (minor) 1 | . . . . . . . . . . . . . . . . . . . . . . . . . . . . 1 . . . . Damage (major) 3 | . . . . . . . . . . . . . . . . . . . . . . . . . . . . 3 . . . . Siege Activations 4 | . . . . . . . . . . . . . . . . . . . . . . . . . . . . . . . 3 1 Total Turns 33 | . . . . . . . . . . . . . . . . . . . . . . . . . . . . . . . 23 10 Longest Duration 16 | . . . . . . . . . . . . . . . . . . . . . . . . . . . . . . . 16 10 Martial Activations . | . . . . . . . . . . . . . . . . . . . . . . . . . . . . . . . . . Shielding Activations . | . . . . . . . . . . . . . . . . . . . . . . . . . . . . . . . . . Robots Disrupted 2 | . . . . . . . . . . . . . . . 1 1 . . . . . . . . . . . . . . . . Combat Hostiles 2 | . . . . . . . . . . . . . . . 1 1 . . . . . . . . . . . . . . . . Robots Corrupted 29 | . . . . . . . . . 6 . . . . . 2 1 . . . . . . . . . . . 2 . 12 3 3 Combat Hostiles 27 | . . . . . . . . . 5 . . . . . 2 1 . . . . . . . . . . . 2 . 11 3 3 Parts Fried 41 | . . . . . . . . . 2 . . . . . 1 2 . . . . . . . . 1 1 . 1 . 20 4 9 Impact Corruptions 12 | . . . . . . . . . 11 . . . . . . . . . . . . . . . . . . . 1 . . . Robots Melted 11 | . . . . . . . 2 . . . . . . . . . . . . . . . . . . . . 5 . . 4 . Combat Hostiles 7 | . . . . . . . . . . . . . . . . . . . . . . . . . . . . 4 . . 3 . Parts Melted 41 | . . . . . 2 . 9 1 . . . 1 . . 2 . . . . . . . . . . . . 15 2 . 8 1 Heat Transferred 14043 | 185 . . . . . . 1920 150 . . . . . . . . . . 100 . . . . . 150 150 . 6674 734 150 2263 1567 Parts Sabotaged . | . . . . . . . . . . . . . . . . . . . . . . . . . . . . . . . . . Parts Stolen 5 | . . . . . . . . . . . . 5 . . . . . . . . . . . . . . . . . . . . Parts Stripped . | . . . . . . . . . . . . . . . . . . . . . . . . . . . . . . . . . Power Chain Reactions 6 | . . . . . . . . . . . . . . . . . . . 1 . . . . . . 1 . 1 . 2 . 1 Alert | -11 -10 -10 -10 -9 -8 -8 -8 -7 -7 -7 -7 -7 -7 -6 -6 -6 -6 -6 -5 -5 -5 -5 -4 -4 -4 -4 -3 -3 -3 -2 -2 -2 ------- Run | Yrd Mat Min Exi Min Mat Gar Mat Fac Gar Fac Low Low Zio Pro Fac Gar Fac Gar Fac Gar Fac Gar Fac Was Fac Gar Res Tes Gar Res Qua Frg Maximum Alert Level 5 | . . . . 3 2 5 3 2 3 2 . . . . 2 3 2 2 3 2 1 5 5 2 3 5 4 3 4 3 2 2 Low Security (%) 13 | 100 100 100 . 45 1 . . . . 7 . . . . 76 . . . . . . . . . . . . . . . . . Level 1 20 | . . . . 22 62 5 . 24 34 78 . . . . 10 13 . 16 60 19 100 12 . . 32 . . . . 23 66 93 Level 2 26 | . . . . 28 35 27 . 75 44 14 . . . . 12 44 100 83 33 80 . 7 . 100 13 . . 23 . 59 33 6 Level 3 21 | . . . . 3 . 29 100 . 21 . . . . . . 41 . . 6 . . 24 50 . 53 22 25 76 47 16 . . Level 4 13 | . . . . . . 25 . . . . . . . . . . . . . . . 34 24 . . 50 74 . 52 . . . Level 5 4 | . . . . . . 12 . . . . . . . . . . . . . . . 20 25 . . 27 . . . . . . High Security . | . . . . . . . . . . . . . . . . . . . . . . . . . . . . . . . . . Max Security . | . . . . . . . . . . . . . . . . . . . . . . . . . . . . . . . . . Peak Influence 2094 | 5 109 40 . 712 529 1665 990 546 847 444 . . . . 488 1095 583 689 722 591 391 2094 1974 685 1015 2080 1288 1014 1482 861 582 414 Initial 1170 | . . 15 . . 271 321 811 428 236 444 . . . . . 217 574 377 361 467 310 252 1099 685 373 703 1170 663 755 833 306 300 Average 660 | . 31 4 . 233 389 947 896 436 513 302 . . . . 95 616 523 555 445 435 313 1138 1319 611 712 1370 1158 821 1105 548 380 350 Influence Increases 20983 | 15 364 91 . 1033 760 1454 536 330 821 53 190 111 . 5 680 1158 285 542 603 294 231 2012 1245 46 812 2027 730 1470 927 946 841 371 Destroy 0b10 Robot/C 8708 | . 180 80 . 140 500 720 320 192 320 32 144 80 . . 180 560 140 400 240 100 140 580 460 . 280 640 240 735 390 375 345 195 Destroy 0b10 Robot/NC 670 | 15 25 . . 5 60 15 56 16 56 4 4 . . 5 70 . 25 . 25 10 5 40 60 . 5 21 20 56 . 36 24 12 Destroy Leader 1164 | . 38 10 . 20 124 30 68 32 24 10 8 16 . . 46 30 14 30 50 10 20 30 96 . 60 76 40 90 32 58 60 42 Allied During Kill 3047 | . . . . 25 32 8 31 7 16 7 22 3 . . 11 141 20 81 4 . 56 317 501 . 345 580 300 331 87 91 26 5 Trap Triggered on 0b10 110 | . . . . . . 60 . . . . . . . . . 10 . . . . . . . . . . . 32 . . 8 . Successful Hack 206 | . 42 . . . 4 18 . . . . . . . . 46 28 36 16 . . . . . . . 14 . . . 2 . . Disable Machine 1092 | . 30 . . 15 . 60 . 48 . . . . . . 225 . 30 . 60 . . . 30 . 30 48 12 120 48 84 192 60 Anti-Garrison Action 2495 | . . . . . . 350 . . 280 . . . . . . 250 . . . 150 . 700 . . . 463 . . 302 . . . Destroy Structure 1927 | . 4 1 . 2 40 103 61 35 41 . . . . . 57 94 20 . 194 24 10 345 98 46 92 185 118 94 56 12 150 45 Partial Spotted 42 | . . . . . . 15 . . . . . . . . . . . . 15 . . . . . . . . . . 12 . . Lose Combat Pursuer 492 | . 45 . . . . 75 . . 84 . 12 12 . . 45 45 . 15 15 . . . . . . . . 12 12 72 36 12 Miscellaneous 1030 | . . . . 826 . . . . . . . . . . . . . . . . . . . . . . . . . 204 . . Influence Decreases 20716 | 15 325 130 . 335 963 284 1258 935 312 721 369 111 . 5 370 373 841 392 624 371 461 279 1381 1471 340 952 1630 1643 452 1883 852 638 Entered New Map 9792 | . . 24 . . 427 174 854 515 102 403 67 . . . . 93 521 162 328 201 281 109 995 1273 160 302 910 517 252 649 239 234 Time Decay 5877 | 15 325 106 . 325 416 . 334 310 . 318 245 81 . 5 190 . 230 . 246 . 160 . 246 198 130 . 230 526 . 474 553 214 Lost Part 1120 | . . . . 10 40 50 50 90 110 . . 10 . . . 180 10 50 30 110 . 10 . . . 80 . 60 40 20 . 170 Lost Ally 2577 | . . . . . 80 60 20 20 100 . 57 20 . . 30 100 80 180 20 60 20 160 140 . 50 570 40 390 160 140 60 20 Purge Threat 1350 | . . . . . . . . . . . . . . . 150 . . . . . . . . . . . 450 150 . 600 . . Squads Dispatched 84 | . 1 . . . 4 . 5 3 . 1 . . . . 4 . 3 . 6 . 2 . 7 . 5 . 2 17 . 11 8 5 Investigation 5 | . . . . . 1 . . . . . . . . . . . 1 . . . 1 . . . . . . . . 1 . 1 Extermination 15 | . . . . . . . . . . 1 . . . . 2 . . . 1 . 1 . 1 . . . 1 1 . 3 4 . Reinforcement 37 | . 1 . . . 3 . 3 1 . . . . . . 2 . . . 1 . . . 2 . 2 . 1 8 . 5 4 4 Assault 11 | . . . . . . . 2 . . . . . . . . . . . . . . . 4 . 1 . . 2 . 2 . . Garrison 16 | . . . . . . . . 2 . . . . . . . . 2 . 4 . . . . . 2 . . 6 . . . . Intercept . | . . . . . . . . . . . . . . . . . . . . . . . . . . . . . . . . . Searches Triggered . | . . . . . . . . . . . . . . . . . . . . . . . . . . . . . . . . . Construction Impeded 8 | . . . . . 2 . 2 . . . . . . . . . . . . . . . 1 . . . . 1 . . 1 1 Haulers Reinforced 6 | . . . . . . . . . . . . . . . . . . . 1 . . . 1 . 2 . 1 . . 1 . . Active Scanning Responses . | . . . . . . . . . . . . . . . . . . . . . . . . . . . . . . . . . Cargo Convoy Interrupts . | . . . . . . . . . . . . . . . . . . . . . . . . . . . . . . . . . Stealth | -11 -10 -10 -10 -9 -8 -8 -8 -7 -7 -7 -7 -7 -7 -6 -6 -6 -6 -6 -5 -5 -5 -5 -4 -4 -4 -4 -3 -3 -3 -2 -2 -2 --------- Run | Yrd Mat Min Exi Min Mat Gar Mat Fac Gar Fac Low Low Zio Pro Fac Gar Fac Gar Fac Gar Fac Gar Fac Was Fac Gar Res Tes Gar Res Qua Frg Distress Signals 12 | . 1 2 . . 2 . 1 1 . . . . . . . . . . . . . . . . . . . . . 3 1 1 Communications Jammed 33 | . . . . . . . . . . . . . . . . . . . . . 1 . 19 . 2 . 1 10 . . . . Distress Signals 28 | . . . . . . . . . . . . . . . . . . . . . . . 18 . 1 . 1 8 . . . . Times Spotted 697 | . 15 4 . 6 38 35 32 19 23 3 10 11 . 2 24 36 21 23 16 8 8 42 22 3 17 36 13 70 38 42 31 49 Peak Tracking Total 19 | . 4 2 . 4 6 8 6 5 4 2 5 4 . 2 3 8 4 6 6 2 2 13 4 2 5 7 3 7 9 6 10 19 Tactical Retreats 28 | . 3 . . . . 4 . . 7 . 1 1 . . 2 1 . 1 1 . . . . . . . . 1 1 3 1 1 Traps | -11 -10 -10 -10 -9 -8 -8 -8 -7 -7 -7 -7 -7 -7 -6 -6 -6 -6 -6 -5 -5 -5 -5 -4 -4 -4 -4 -3 -3 -3 -2 -2 -2 ------- Run | Yrd Mat Min Exi Min Mat Gar Mat Fac Gar Fac Low Low Zio Pro Fac Gar Fac Gar Fac Gar Fac Gar Fac Was Fac Gar Res Tes Gar Res Qua Frg Traps Triggered 42 | . . . . . 1 4 . . 3 . . . . . 1 3 . 2 . . 1 6 1 . 1 3 . . 4 6 2 4 Indirectly 6 | . . . . . . . . . . . . . . . . . . . . . . . . . . . . . . 5 . 1 Trap Hack Attempts 48 | . . . . . . . . . . . . . . . . . . . . . . 30 . . . 18 . . . . . . Triggered . | . . . . . . . . . . . . . . . . . . . . . . . . . . . . . . . . . Disarmed . | . . . . . . . . . . . . . . . . . . . . . . . . . . . . . . . . . Reprogrammed 10 | . . . . . . . . . . . . . . . . . . . . . . 2 . . . 2 . . . . 6 . Reused 12 | . . . . . . 6 . . . . . . . . . 1 . . . . . . . . . . . 4 . . 1 . Traps Extracted 1 | . . . . . . . . . . . 1 . . . . . . . . . . . . . . . . . . . . . Installed 15 | . . . . . . 6 . . . . 1 . . 1 . 2 . . . . . . . . . . . 5 . . . . Triggered 12 | . . . . . . 6 . . . . . . . . . 1 . . . . . . . . . . . 4 . . 1 . Most Traps Carried 25 | . . . . . . 10 4 4 4 4 12 12 12 15 15 15 13 13 13 13 13 13 13 13 13 25 25 25 18 18 18 14 Machines | -11 -10 -10 -10 -9 -8 -8 -8 -7 -7 -7 -7 -7 -7 -6 -6 -6 -6 -6 -5 -5 -5 -5 -4 -4 -4 -4 -3 -3 -3 -2 -2 -2 ---------- Run | Yrd Mat Min Exi Min Mat Gar Mat Fac Gar Fac Low Low Zio Pro Fac Gar Fac Gar Fac Gar Fac Gar Fac Was Fac Gar Res Tes Gar Res Qua Frg Machines Disabled 110 | . 2 . . 1 . 10 . 4 3 . . . . . 15 2 2 . 4 3 . 5 2 . 2 6 1 11 8 7 17 5 Max in Single Turn 4 | . 1 . . 1 . 2 . 4 1 . . . . . 1 1 . . 3 1 . 1 . . 1 1 . 3 1 2 3 2 Garrison Access 3 | . . . . . . . 1 . . . . . . . . . . . . . . . . . . . 1 . . . 1 . Garrison Relay 21 | . . . . . . 4 . . 3 . . . . . . 1 . . . 2 . 4 . . . 3 . . 4 . . . Phase Generator 1 | . . . . . . . . . . . . . . . . . . . . . . 1 . . . . . . . . . . Machines Repaired . | . . . . . . . . . . . . . . . . . . . . . . . . . . . . . . . . . Machines Dismantled . | . . . . . . . . . . . . . . . . . . . . . . . . . . . . . . . . . Machines Sabotaged . | . . . . . . . . . . . . . . . . . . . . . . . . . . . . . . . . . Overloaded Fab Kills . | . . . . . . . . . . . . . . . . . . . . . . . . . . . . . . . . . Hacking | -11 -10 -10 -10 -9 -8 -8 -8 -7 -7 -7 -7 -7 -7 -6 -6 -6 -6 -6 -5 -5 -5 -5 -4 -4 -4 -4 -3 -3 -3 -2 -2 -2 --------- Run | Yrd Mat Min Exi Min Mat Gar Mat Fac Gar Fac Low Low Zio Pro Fac Gar Fac Gar Fac Gar Fac Gar Fac Was Fac Gar Res Tes Gar Res Qua Frg Machines Accessed 66 | . 8 . 2 . 4 4 1 6 . 4 . . . . 6 2 5 1 1 . 1 . 3 . 1 2 2 2 1 3 6 1 Terminals 32 | . 8 . . . 2 4 . 2 . . . . . . 3 2 1 1 . . . . . . . 2 . 1 1 1 4 . Fabricators 8 | . . . . . . . . 1 . 3 . . . . 1 . . . . . . . 1 . . . 1 . . 1 . . Repair Stations . | . . . . . . . . . . . . . . . . . . . . . . . . . . . . . . . . . Recycling Units 8 | . . . . . 1 . . 2 . 1 . . . . 1 . 1 . . . . . 2 . . . . . . . . . Scanalyzers 5 | . . . . . . . . . . . . . . . . . 2 . . . . . . . . . . . . 1 1 1 Garrison Access 11 | . . . . . 1 . 1 1 . . . . . . 1 . 1 . 1 . 1 . . . 1 . 1 1 . . 1 . Total Hacks 114 | . 19 . 2 . 9 6 1 10 . 8 . . . . 13 2 6 2 1 . 1 . 5 . 2 3 2 5 1 5 9 2 Successful 63 | . 13 . 2 . 4 2 1 2 . 4 . . . . 9 2 4 1 1 . 1 . 3 . 2 1 2 2 . 3 3 1 Failed 51 | . 6 . . . 5 4 . 8 . 4 . . . . 4 . 2 1 . . . . 2 . . 2 . 3 1 2 6 1 Catastrophic 16 | . 1 . . . 2 2 . 2 . . . . . . 2 . 1 . . . . . . . . 1 . 1 1 . 3 . Database Lockouts . | . . . . . . . . . . . . . . . . . . . . . . . . . . . . . . . . . Manual 36 | . 19 . 1 . 4 . . 2 . 2 . . . . 2 . 1 . . . . . . . . . . 1 . . 4 . Terminals 63 | . 19 . . . 5 6 . 5 . . . . . . 9 2 1 2 . . . . . . . 3 . 2 1 2 6 . Fabricators 12 | . . . . . . . . 2 . 6 . . . . 1 . . . . . . . 1 . . . 1 . . 1 . . Repair Stations . | . . . . . . . . . . . . . . . . . . . . . . . . . . . . . . . . . Recycling Units 12 | . . . . . 2 . . 2 . 2 . . . . 1 . 1 . . . . . 4 . . . . . . . . . Scanalyzers 9 | . . . . . . . . . . . . . . . . . 3 . . . . . . . . . . . . 2 2 2 Garrison Access 16 | . . . . . 2 . 1 1 . . . . . . 2 . 1 . 1 . 1 . . . 2 . 1 3 . . 1 . Terminal Hacks 15 | . 1 . 2 . 1 2 . . . . . . . . 4 2 . 1 . . . . . . . 1 . . . . 1 . Record 1 | . . . 1 . . . . . . . . . . . . . . . . . . . . . . . . . . . . . Robot Analysis 1 | . . . . . 1 . . . . . . . . . . . . . . . . . . . . . . . . . . . Open Door 1 | . . . . . . 1 . . . . . . . . . . . . . . . . . . . . . . . . . . Branch Access Points 1 | . . . . . . . . . . . . . . . 1 . . . . . . . . . . . . . . . . . Emergency Access Points 1 | . . . . . . . . . . . . . . . . 1 . . . . . . . . . . . . . . . . Machine Index 1 | . . . . . . . . . . . . . . . 1 . . . . . . . . . . . . . . . . . Unreport Threat 1 | . . . . . . . . . . . . . . . 1 . . . . . . . . . . . . . . . . . Reprogram Traps 1 | . . . . . . . . . . . . . . . . . . . . . . . . . . . . . . . 1 . Zone Layout 2 | . 1 . . . . . . . . . . . . . 1 . . . . . . . . . . . . . . . . . Garrison Registry 1 | . . . . . . 1 . . . . . . . . . . . . . . . . . . . . . . . . . . Patrol Navigation 1 | . . . . . . . . . . . . . . . . 1 . . . . . . . . . . . . . . . . Security Stations 2 | . . . . . . . . . . . . . . . . . . 1 . . . . . . . 1 . . . . . . Proto ID Catalog 1 | . . . 1 . . . . . . . . . . . . . . . . . . . . . . . . . . . . . Fabricator Hacks 6 | . . . . . . . . . . 3 . . . . 1 . . . . . . . . . . . 1 . . 1 . . Network Status 5 | . . . . . . . . . . 2 . . . . 1 . . . . . . . . . . . 1 . . 1 . . Build 1 | . . . . . . . . . . 1 . . . . . . . . . . . . . . . . . . . . . . Repair Station Hacks . | . . . . . . . . . . . . . . . . . . . . . . . . . . . . . . . . . Recycling Unit Hacks 7 | . . . . . 1 . . 1 . 1 . . . . . . 1 . . . . . 3 . . . . . . . . . Retrieve Matter 1 | . . . . . . . . . . . . . . . . . . . . . . . 1 . . . . . . . . . Retrieve Components 6 | . . . . . 1 . . 1 . 1 . . . . . . 1 . . . . . 2 . . . . . . . . . Scanalyzer 6 | . . . . . . . . . . . . . . . . . 2 . . . . . . . . . . . . 2 1 1 Retrieve Study 6 | . . . . . . . . . . . . . . . . . 2 . . . . . . . . . . . . 2 1 1 Garrison Access Hacks 15 | . . . . . 2 . 1 1 . . . . . . 2 . 1 . 1 . 1 . . . 2 . 1 2 . . 1 . Unlock Access 9 | . . . . . 1 . 1 1 . . . . . . 1 . 1 . 1 . 1 . . . 1 . . 1 . . . . Seal Access 2 | . . . . . . . . . . . . . . . . . . . . . . . . . . . 1 . . . 1 . Coupler Status 4 | . . . . . 1 . . . . . . . . . 1 . . . . . . . . . 1 . . 1 . . . . Unauthorized Hacks 14 | . 12 . . . . . . . . . . . . . 2 . . . . . . . . . . . . . . . . . Terminals 14 | . 12 . . . . . . . . . . . . . 2 . . . . . . . . . . . . . . . . . Assimilate 2 | . 2 . . . . . . . . . . . . . . . . . . . . . . . . . . . . . . . Botnet 4 | . 3 . . . . . . . . . . . . . 1 . . . . . . . . . . . . . . . . . Operators 2 | . 1 . . . . . . . . . . . . . 1 . . . . . . . . . . . . . . . . . Skim 6 | . 6 . . . . . . . . . . . . . . . . . . . . . . . . . . . . . . . Fabricators . | . . . . . . . . . . . . . . . . . . . . . . . . . . . . . . . . . Repair Stations . | . . . . . . . . . . . . . . . . . . . . . . . . . . . . . . . . . Recycling Units . | . . . . . . . . . . . . . . . . . . . . . . . . . . . . . . . . . Scanalyzers . | . . . . . . . . . . . . . . . . . . . . . . . . . . . . . . . . . Garrison Access . | . . . . . . . . . . . . . . . . . . . . . . . . . . . . . . . . . Data Cores Recovered 3 | . . . . . 1 . . 1 . . . . . . . . . . . . . . . . . . . . . 1 . . Used . | . . . . . . . . . . . . . . . . . . . . . . . . . . . . . . . . . Hacking Detections 51 | . 5 . . . 3 3 . 5 . 3 . . . . 5 2 4 1 1 . 1 . 2 . 1 2 1 2 1 3 5 1 Full Trace Events 1 | . . . . . . 1 . . . . . . . . . . . . . . . . . . . . . . . . . . Feedback Events . | . . . . . . . . . . . . . . . . . . . . . . . . . . . . . . . . . Feedback Blocked . | . . . . . . . . . . . . . . . . . . . . . . . . . . . . . . . . . Robot Schematics Acquired 6 | . . . . . . . . . . . . . . . . . . . . . . . . . . . . 4 . . 2 . Robots Built 4 | . . . . . . . . . . 4 . . . . . . . . . . . . . . . . . . . . . . Authchips . | . . . . . . . . . . . . . . . . . . . . . . . . . . . . . . . . . Time 134 | . . . . . . . . . . 134 . . . . . . . . . . . . . . . . . . . . . . Total Robot Build Rating 16 | . . . . . . . . . . 16 . . . . . . . . . . . . . . . . . . . . . . Part Schematics Acquired 19 | . . . . . . . . . . . . . . . . . . . . . . . . . . . . 17 . . 2 . Parts Built . | . . . . . . . . . . . . . . . . . . . . . . . . . . . . . . . . . Authchips . | . . . . . . . . . . . . . . . . . . . . . . . . . . . . . . . . . Time . | . . . . . . . . . . . . . . . . . . . . . . . . . . . . . . . . . Total Part Build Rating . | . . . . . . . . . . . . . . . . . . . . . . . . . . . . . . . . . Part Studies Acquired 6 | . . . . . . . . . . . . . . . . . 2 . . . . . . . . . . . . 2 1 1 Parts Repaired . | . . . . . . . . . . . . . . . . . . . . . . . . . . . . . . . . . Time . | . . . . . . . . . . . . . . . . . . . . . . . . . . . . . . . . . Parts Recycled . | . . . . . . . . . . . . . . . . . . . . . . . . . . . . . . . . . Recycled Matter . | . . . . . . . . . . . . . . . . . . . . . . . . . . . . . . . . . Retrieved Matter . | . . . . . . . . . . . . . . . . . . . . . . . . . . . . . . . . . Retrieved Components 10 | . . . . . . . . 3 . 2 . . . . . . 3 . . . . . 2 . . . . . . . . . Parts Scanalyzed . | . . . . . . . . . . . . . . . . . . . . . . . . . . . . . . . . . Part Schematics Acquired . | . . . . . . . . . . . . . . . . . . . . . . . . . . . . . . . . . Parts Damaged . | . . . . . . . . . . . . . . . . . . . . . . . . . . . . . . . . . Bothacking | -11 -10 -10 -10 -9 -8 -8 -8 -7 -7 -7 -7 -7 -7 -6 -6 -6 -6 -6 -5 -5 -5 -5 -4 -4 -4 -4 -3 -3 -3 -2 -2 -2 ------------ Run | Yrd Mat Min Exi Min Mat Gar Mat Fac Gar Fac Low Low Zio Pro Fac Gar Fac Gar Fac Gar Fac Gar Fac Was Fac Gar Res Tes Gar Res Qua Frg Used RIF Installer 9 | . . . . . . 1 . . 1 . . . . . . 1 . 1 . 2 . 1 . . . 1 . . 1 . . . Coupler Efficiency 1 | . . . . . . . . . . . . . . . . 1 . . . . . . . . . . . . . . . . Hotswap 1 | . . . . . . . . . . . . . . . . . . . . 1 . . . . . . . . . . . . Command Fork 1 | . . . . . . . . . 1 . . . . . . . . . . . . . . . . . . . . . . . Threat Obfuscator 1 | . . . . . . . . . . . . . . . . . . . . . . . . . . 1 . . . . . . Patrol Navigation 1 | . . . . . . . . . . . . . . . . . . . . . . . . . . . . . 1 . . . Structural Interface 1 | . . . . . . . . . . . . . . . . . . . . 1 . . . . . . . . . . . . Program Shield 1 | . . . . . . . . . . . . . . . . . . 1 . . . . . . . . . . . . . . Autooverride 2 | . . . . . . 1 . . . . . . . . . . . . . . . 1 . . . . . . . . . . Robots Hacked 169 | . . . . . 2 2 2 4 5 . . . . . 12 6 9 2 4 3 3 16 15 5 10 11 4 22 13 14 4 1 Non-combat 46 | . . . . . . . . 1 . . . . . . 9 . 2 . 2 . 1 . 8 . 2 . 1 6 . 13 1 . Combat 123 | . . . . . 2 2 2 3 5 . . . . . 3 6 7 2 2 3 2 16 7 5 8 11 3 16 13 1 3 1 Autooverrided 28 | . . . . . . 2 . 1 1 . . . . . 1 . . . 1 . . 1 3 . 3 2 1 6 4 . 2 . Robot Hacks Applied 165 | . . . . . 2 2 2 3 4 . . . . . 13 6 9 2 4 3 4 15 14 6 8 9 5 19 11 21 2 1 parse_system 14 | . . . . . 2 . . . . . . . . . . . 1 . . . . 2 . 1 . 3 . 2 1 2 . . no_distress 4 | . . . . . . . . . . . . . . . . . 1 . . . . . . . . . . 1 . 2 . . find_chute 5 | . . . . . . . . . . . . . . . 3 . . . . . . . 2 . . . . . . . . . map_walls 1 | . . . . . . . . . . . . . . . . . . . . . . . . . . . . 1 . . . . randomize_corridors 1 | . . . . . . . . . . . . . . . . . . . . . 1 . . . . . . . . . . . find_fabricator 2 | . . . . . . . . . . . . . . . . . . . . . . . . . 1 . . . . 1 . . find_dsf 1 | . . . . . . . . . . . . . . . . . . . . . . . . . . . 1 . . . . . drop_inventory 10 | . . . . . . . . . . . . . . . 3 . . . 1 . . . 1 . 1 . 1 1 . 2 . . locate_stockpiles 3 | . . . . . . . . . . . . . . . 1 . . . . . . . . . . . 1 1 . . . . find_recycling 2 | . . . . . . . . . . . . . . . . . . . . . . . . . . . . . . 2 . . ignore_parts 1 | . . . . . . . . . . . . . . . . . . . . . . . . . . . . . . 1 . . purge_threat 5 | . . . . . . . . . . . . . . . . . . . . . . . . . . . . 1 . 4 . . reprogram_traps 2 | . . . . . . . . . . . . . . . . . . . . . . . . . . . . . . 1 1 . block_reporting 1 | . . . . . . . . . . . . . . . 1 . . . . . . . . . . . . . . . . . map_route 9 | . . . . . . . . . . . . . . . 1 . . . . . . . 2 . . . . 1 . 5 . . mark_security 2 | . . . . . . . . . . . . . . . . . . . . . . . 2 . . . . . . . . . ignore_targets 5 | . . . . . . . . . . . . . . . . . . . . . . . . 5 . . . . . . . . find_shortcuts 1 | . . . . . . . . . . . . . . . . . . . . . . . . . . . . . 1 . . . find_garrison 3 | . . . . . . . . . . . . . . . . . . . . . 1 . 1 . 1 . . . . . . . focus_fire 1 | . . . . . . . . . . . . . . . . . . . . . . . . . . 1 . . . . . . scatter_targeting 1 | . . . . . . . . . . . . . . . . . . . . . . . . . . . . 1 . . . . amplify_resonance 7 | . . . . . . . . . . . . . . . . . . . . . . 5 1 . 1 . . . . . . . reboot_system 2 | . . . . . . 1 . . 1 . . . . . . . . . . . . . . . . . . . . . . . overwrite_iff 2 | . . . . . . . . . 1 . . . . . . . . . . . . . . . 1 . . . . . . . formatsys_low 11 | . . . . . . . . 1 . . . . . . 2 . . . 2 . . . 3 . . . . 2 . 1 . . formatsys_high 68 | . . . . . . 1 2 2 2 . . . . . 2 6 7 2 1 2 2 8 2 . 3 5 2 8 9 . 1 1 formatsys_deep 1 | . . . . . . . . . . . . . . . . . . . . 1 . . . . . . . . . . . . Relay Couplers Released 90 | . . . . . . 18 1 . 13 . . . . . . 5 . . . 8 . 16 . . . 13 . . 16 . . . Machine Destruction 90 | . . . . . . 18 1 . 13 . . . . . . 5 . . . 8 . 16 . . . 13 . . 16 . . . Attached 51 | . . . . . . 1 2 1 5 . . 1 1 . 5 3 1 1 . 4 1 6 4 . . 3 1 1 5 5 . . Fabnet Peak Effective % . | . . . . . . . . . . . . . . . . . . . . . . . . . . . . . . . . . Robots Rewired 30 | . . . . . . . . . 4 . 1 . . . 1 2 1 . . . . 10 . . . 9 . . 2 . . . Allies Hacked 8 | . . . . . . . . . . . . . . . 3 1 . . . . 1 1 2 . . . . . . . . . Hacks Repelled . | . . . . . . . . . . . . . . . . . . . . . . . . . . . . . . . . . Allies | -11 -10 -10 -10 -9 -8 -8 -8 -7 -7 -7 -7 -7 -7 -6 -6 -6 -6 -6 -5 -5 -5 -5 -4 -4 -4 -4 -3 -3 -3 -2 -2 -2 -------- Run | Yrd Mat Min Exi Min Mat Gar Mat Fac Gar Fac Low Low Zio Pro Fac Gar Fac Gar Fac Gar Fac Gar Fac Was Fac Gar Res Tes Gar Res Qua Frg Total Allies 194 | . . . . 3 1 4 3 4 8 4 1 . . . 7 8 9 2 4 5 6 21 10 18 7 21 4 19 17 3 4 1 Largest Group 32 | . . . . 3 3 2 2 3 4 4 4 1 . . 5 3 7 7 3 3 7 19 22 31 32 29 13 13 9 8 2 1 Highest-Rated Group 1338 | . . . . 40 57 80 142 142 63 48 48 16 . . 191 231 218 227 95 215 215 1001 1102 1228 1338 1229 867 782 463 421 128 64 Highest-Rated Ally 148 | . . . . 16 57 40 142 142 32 12 16 16 . . 90 119 46 41 49 95 95 148 148 56 56 148 148 148 64 64 64 64 Total Orders 43 | . . . . . . . . . . . . . . . 2 . . . 1 6 3 7 2 . . 12 2 4 2 2 . . STAY 13 | . . . . . . . . . . . . . . . 1 . . . . 2 . 3 . . . 6 . . 1 . . . ROAM 1 | . . . . . . . . . . . . . . . . . . . . 1 . . . . . . . . . . . . FOLLOW 10 | . . . . . . . . . . . . . . . . . . . . 2 . 3 . . . 4 . . 1 . . . AID 4 | . . . . . . . . . . . . . . . 1 . . . 1 . . . 1 . . . . 1 . . . . RETURN 15 | . . . . . . . . . . . . . . . . . . . . 1 3 1 1 . . 2 2 3 . 2 . . Ally Attacks 1419 | . . . . 7 49 19 47 9 33 16 38 15 . . 22 43 37 23 . 5 26 70 187 75 172 193 69 112 78 57 11 6 Total Damage 41423 | . . . . 93 812 324 1087 195 597 187 435 221 . . 2588 1359 910 726 . 200 700 2103 6201 2771 3212 5198 2392 3939 2667 1942 269 295 Kills 275 | . . . . 4 9 5 9 1 8 2 3 . . . 17 14 10 12 . . 7 19 33 6 13 27 22 32 13 8 1 . Allies Corrupted 8 | . . . . . . . . . 2 . . . . . . . . . . 3 . . 2 . . . 1 . . . . . Allies Melted 2 | . . . . . . . . . . . . . . . . . . . . . . 2 . . . . . . . . . . X0-1V1 Amusement Gains 444 | . 21 30 . . 20 25 10 . 20 . . 20 50 . 10 30 . 50 5 10 . 4 11 . . . . 48 . . 10 70 Good Acts 136 | . 1 4 . 2 5 7 1 1 10 2 19 4 3 3 6 12 1 1 1 3 2 6 1 4 1 12 . 10 1 2 5 6 Bad Acts 99 | . 1 7 . 9 5 3 2 3 5 1 3 3 5 . 1 . 4 4 2 6 1 6 . . 2 5 . 8 3 5 5 . Intel | -11 -10 -10 -10 -9 -8 -8 -8 -7 -7 -7 -7 -7 -7 -6 -6 -6 -6 -6 -5 -5 -5 -5 -4 -4 -4 -4 -3 -3 -3 -2 -2 -2 ------- Run | Yrd Mat Min Exi Min Mat Gar Mat Fac Gar Fac Low Low Zio Pro Fac Gar Fac Gar Fac Gar Fac Gar Fac Was Fac Gar Res Tes Gar Res Qua Frg Active Infowar (turns) 23136 | 23 1035 . . . 592 . . . . . . 98 1067 434 1554 2046 481 436 528 1230 334 2451 529 403 273 2466 495 1465 1931 1213 1614 438 Optics 22068 | . . . . . 592 . . . . . . 98 1067 434 1554 2046 481 436 528 1220 334 2451 529 403 273 2466 495 1465 1931 1213 1614 438 Sensors 695 | . . . . . . . . . . . . . . . . . . . . . . . . . . . . . . 1 694 . Seismic 1058 | 23 1035 . . . . . . . . . . . . . . . . . . . . . . . . . . . . . . . Spoofing 1 | . . . . . . . . . . . . . . . . . . . . . . 1 . . . . . . . . . . Jamming 8500 | . . . . . . . . . . . . . . . . . . . . 537 334 2411 405 . 225 2344 477 1187 580 . . . Robot Analysis Total 1 | . . . . . 1 . . . . . . . . . . . . . . . . . . . . . . . . . . . Derelict Logs Recovered 3 | . . . . 2 . . . . . . 1 . . . . . . . . . . . . . . . . . . . . . Drone Launches 15 | . . . . . . . . . . . . . . . . . . . . 1 3 1 1 . . 2 2 3 . 2 . . Drone Recoveries 15 | . . . . . . . . . . . . . . . . . . . . 1 3 1 1 . . 2 2 3 . 2 . . Exploration | -11 -10 -10 -10 -9 -8 -8 -8 -7 -7 -7 -7 -7 -7 -6 -6 -6 -6 -6 -5 -5 -5 -5 -4 -4 -4 -4 -3 -3 -3 -2 -2 -2 ------------- Run | Yrd Mat Min Exi Min Mat Gar Mat Fac Gar Fac Low Low Zio Pro Fac Gar Fac Gar Fac Gar Fac Gar Fac Was Fac Gar Res Tes Gar Res Qua Frg Turns Passed 35923 | 171 1231 767 895 1228 1014 1586 757 690 2082 713 2495 790 1067 434 1554 2046 481 548 528 1230 334 2451 529 403 273 2466 495 1465 1931 1213 1614 442 Spaces Moved 13085 | 84 482 217 545 557 369 753 174 361 593 292 460 217 229 97 660 803 213 203 143 390 149 991 192 191 103 961 202 566 631 443 674 140 Core 44 | 16 . . . . . . 16 . 3 . . . . . . 3 . . . . . . . . . . . . . . . 6 Treads 4486 | 68 482 217 545 233 185 . . . 123 292 460 217 229 97 104 . . . . 1 . . . . . 134 . 10 . 281 674 134 Legs 1179 | . . . . . 9 . . . 350 . . . . . . 252 190 . . 296 . . . . . . . . . 82 . . Wheels 7337 | . . . . 324 175 753 158 361 78 . . . . . 556 548 23 203 143 93 149 991 192 191 103 827 202 556 631 80 . . Hover . | . . . . . . . . . . . . . . . . . . . . . . . . . . . . . . . . . Flight 39 | . . . . . . . . . 39 . . . . . . . . . . . . . . . . . . . . . . . Fastest Speed 50 | 50 160 160 160 110 95 155 135 135 90 240 240 320 240 320 155 150 171 175 143 143 150 150 146 146 146 146 205 163 204 151 151 50 Average Speed 203 | 139 160 160 160 130 152 167 324 155 256 240 289 320 260 320 180 206 191 217 266 234 177 193 206 146 146 203 205 169 266 226 198 207 Slowest Speed 2600 | 160 160 160 160 160 260 260 2050 245 1850 240 320 320 320 320 320 2600 252 285 315 640 190 220 220 146 146 240 205 260 310 290 234 295 Overloaded Moves . | . . . . . . . . . . . . . . . . . . . . . . . . . . . . . . . . . Propulsion Burnouts . | . . . . . . . . . . . . . . . . . . . . . . . . . . . . . . . . . Robots Hopped . | . . . . . . . . . . . . . . . . . . . . . . . . . . . . . . . . . Potential Cave-ins 8 | . . . . . . . . . . . . . . . . . . . . 6 . . . . . . . . . . 2 . Cave-ins Triggered . | . . . . . . . . . . . . . . . . . . . . . . . . . . . . . . . . . Teleports 1 | . . . . . . . . . . . . . . . . . . . . . . . . . . . . . . . . 1 Exploration Rate (%) 42 | 4 81 36 78 96 50 74 17 15 60 8 78 41 12 27 31 74 9 32 5 42 7 92 10 82 9 98 11 41 81 18 80 12 Regions Visited 32 Branch Regions 10 Pre-discovered Areas 2 | . . . 1 1 . . . . . . . . . . . . . . . . . . . . . . . . . . . . Known Exits Taken 15 | . . 1 1 1 1 . 1 1 . . . . . 1 1 . 1 . 1 . 1 . . . 1 . 1 1 . 1 . . Unknown Exits Taken 7 | 1 1 . . . . . . . . 1 1 1 1 . . . . . . . . . . . . . . . . . 1 . Scrap Searched 5 | . . . . 2 . . . . . . 2 1 . . . . . . . . . . . . . . . . . . . . Spaces Dug 46 | . . 1 . . . 2 . . 7 . . . . 2 . . . . . 7 . 4 . . . 1 3 1 1 . 10 7 Terrain Destroyed 716 | . 3 1 . 2 47 70 74 31 20 . . 6 1 3 . 70 25 . 133 29 . 36 . 3 10 19 3 27 29 4 51 19 Melee 13 | . . . . . . 2 . . 7 . . . . . . . . . . . . . . . . 1 3 . . . . . Projectile 183 | . 3 1 . 2 . . 12 . . . . 6 1 3 . . . . 7 29 . 28 . 3 1 4 . 1 11 1 51 19 AOE 520 | . . . . . 47 68 62 31 13 . . . . . . 70 25 . 126 . . 8 . . 9 14 . 26 18 3 . . Terrain Rammed . | . . . . . . . . . . . . . . . . . . . . . . . . . . . . . . . . . Walls Destroyed . | . . . . . . . . . . . . . . . . . . . . . . . . . . . . . . . . . Machines Disabled . | . . . . . . . . . . . . . . . . . . . . . . . . . . . . . . . . . Actions | -11 -10 -10 -10 -9 -8 -8 -8 -7 -7 -7 -7 -7 -7 -6 -6 -6 -6 -6 -5 -5 -5 -5 -4 -4 -4 -4 -3 -3 -3 -2 -2 -2 --------- Run | Yrd Mat Min Exi Min Mat Gar Mat Fac Gar Fac Low Low Zio Pro Fac Gar Fac Gar Fac Gar Fac Gar Fac Was Fac Gar Res Tes Gar Res Qua Frg Total 20732 | 114 848 606 572 1042 714 978 313 441 970 303 1593 267 698 203 920 1081 274 284 235 608 213 1411 317 311 221 1390 270 960 829 621 890 235 Wait 4585 | . 299 351 3 472 238 56 29 17 58 4 1090 5 454 92 128 93 15 23 39 79 34 174 79 109 95 181 42 177 24 41 62 22 Move 13058 | 83 481 216 544 556 369 752 173 360 592 291 459 216 228 96 660 802 212 202 143 389 149 990 192 190 102 960 201 565 630 442 673 140 Hop . | . . . . . . . . . . . . . . . . . . . . . . . . . . . . . . . . . Pick Up 383 | 11 9 4 8 . 10 30 18 3 45 3 8 10 4 . 15 22 9 6 5 17 5 17 2 1 . 44 3 12 23 14 23 2 Fast Attach 131 | . 2 1 3 1 12 . 5 5 5 . . 1 1 . 6 10 1 1 4 6 3 8 . . . 2 . 15 12 20 3 4 Attach 204 | 7 1 2 2 . 2 6 13 7 22 . . 6 4 1 7 19 3 6 1 17 3 5 6 . 1 21 5 9 10 8 7 3 Detach 48 | . 1 . 1 . . . 6 . 6 . . . 1 1 2 4 1 1 . 6 . . 2 . . 5 1 8 2 . . . Swap 229 | 1 1 2 1 . 6 14 6 2 16 . 7 . 1 1 14 12 4 3 8 7 8 21 4 . . 18 2 20 8 19 16 7 Drop 335 | . 6 4 10 . 15 13 14 3 36 3 7 6 3 1 15 14 8 2 7 12 1 28 2 . . 27 2 21 23 22 27 3 Fire 1279 | 12 48 25 . 13 59 28 43 39 48 2 18 23 2 10 71 75 21 24 22 64 10 117 30 11 15 82 6 122 64 53 76 46 Melee 182 | . . . . . 2 43 6 3 77 . . . . . . 8 . . 6 10 . . . . . 18 8 1 . . . . Ram 8 | . . . . . . . . 2 . . . . . . . . . . . . . . . . . . . 4 1 . . 1 Kick . | . . . . . . . . . . . . . . . . . . . . . . . . . . . . . . . . . Crush 8 | . . 1 . . 1 . . . . . . . . . . . . . . . . . . . . . . . . 2 3 1 Escape Stasis 121 | . . . . . . 24 . . 5 . . . . . 2 10 . 16 . . . 16 . . 8 2 . . 32 . . 6 Rewire 90 | . . . . . . 6 . . 60 . 3 . . . . 2 . . . 1 . 5 . . . 12 . 1 . . . . Trap 63 | . . . . . . 6 . . . . 1 . . 1 . 2 . . . . . 30 . . . 18 . 5 . . . . Miscellaneous 8 | . . . . . . . . . . . . . . . . 8 . . . . . . . . . . . . . . . . Route ------- -11/Scrapyard -10/Materials (discovered 5 exits: *Mat x3 / [*Min] / [*Sub]) -10/Mines (discovered 4 exits: Mat x2 / *Exi / [*Sub]) -10/Exiles (discovered 2 exits: *Min x2) -9/Mines (discovered 2 exits: *Mat x2) -8/Materials (discovered 4 exits: *Fac x3 / Gar) -8/Garrison (discovered 4 exits: *Fac x3 / *Mat) -8/Materials -7/Factory -7/Garrison (discovered 3 exits: *Fac x3) -7/Factory -7/Lower Caves -7/Lower Caves (discovered 2 exits: Fac / [*Zio]) -7/Zion -6/Proximity Caves -6/Factory (discovered 7 exits: *Fac x2 / *Low x2 / Ext x2 / Gar) -6/Garrison (discovered 4 exits: *Fac x3 / *Fac) -6/Factory -6/Garrison -5/Factory -5/Garrison (discovered 2 exits: *Fac x2) -5/Factory -5/Garrison (discovered 3 exits: *Fac x3) -4/Factory -4/Waste -4/Factory -4/Garrison (discovered 3 exits: *Res x3) -3/Research (discovered 2 exits: *Tes x2) -3/Testing (discovered 2 exits: Res / Gar) -3/Garrison (discovered 2 exits: *Res x2) -2/Research -2/Quarantine (discovered 3 exits: [*Acc] / [*Sec] / *Frg) -2/Protoforge History --------- Turn | Location | Event 8 | -11/Scrapyard | Discovered new exit (range 15) 172 | -11/Scrapyard | Entered Materials 313 | -10/Materials | Build established: Mutant 410 | -10/Materials | Discovered new exit (range 3) 463 | -10/Materials | Discovered new exit (range 15) 537 | -10/Materials | Discovered new exit (range 3) 901 | -10/Materials | Discovered new exit (range 5) 917 | -10/Materials | Identified exit to Materials 981 | -10/Materials | Loaded intel: 10 trap records 1081 | -10/Materials | Learned 2 Storage zone layouts 1115 | -10/Materials | Learned Recycling recycling unit intel 1159 | -10/Materials | Learned 2 Mines zone layouts 1207 | -10/Materials | Prayed at D.C.S.S. Altar Unit 1211 | -10/Materials | Learned location of 3 exits from Materials 1300 | -10/Materials | X0-1V1 sent you into danger 1389 | -10/Materials | TH resistance permanently improved by X0-1V1 (+10%; -100 max core) 1403 | -10/Materials | Entered Mines 1404 | -10/Mines | Assembled infested the area 1426 | -10/Mines | Met a Derelict bent on vengeance 1488 | -10/Mines | A weapon hastily lodged in a ceiling crevice suddenly fell to the ground 1571 | -10/Mines | Received a Rocket Launcher from a helpful Derelict 1594 | -10/Mines | Discovered new exit (range 5) 1611 | -10/Mines | Utility slot count permanently improved by X0-1V1 (+1) 1739 | -10/Mines | X0-1V1 mutated your Weapon slot to Propulsion slot 1809 | -10/Mines | X0-1V1 vaporized surrounding terrain (radius 22) 1854 | -10/Mines | Identified exit to Exiles 1854 | -10/Mines | X0-1V1 revealed exit location to -10/Exiles 2161 | -10/Mines | Deemed a non-threat by the Exiles lab entrance 2170 | -10/Mines | Entered Exiles 2171 | -10/Exiles | Identified exit to Mines 2207 | -10/Exiles | Met 8R-AWN 2249 | -10/Exiles | Met EX-HEX 2319 | -10/Exiles | Learned location of Zion (-7) 2415 | -10/Exiles | Met EX-DEC 2543 | -10/Exiles | Visited The Gauntlet 2821 | -10/Exiles | Met EX-BIN 2838 | -10/Exiles | Aligned with FarCom system 2840 | -10/Exiles | Given EX-Vault access code 2877 | -10/Exiles | Opened EX-Vault 2900 | -10/Exiles | Found Firepult 2903 | -10/Exiles | Found 0b10 Alert Chip 2912 | -10/Exiles | Found Potential Leg 2916 | -10/Exiles | Found Potential Leg 2949 | -10/Exiles | Warned to stay clear of 0b10 Research branches 3065 | -10/Exiles | Stole three prototypes: Potential Leg, 0b10 Alert Chip, Firepult 3065 | -10/Exiles | Entered Mines 3066 | -9/Mines | Identified exit to Materials 3211 | -9/Mines | Discovered exit to Materials (range 6) 3221 | -9/Mines | Assisted by bots powering up and referring to "LRC-V3" 3258 | -9/Mines | X0-1V1 activates XOMVISION 3290 | -9/Mines | X0-1V1 sent you into danger 3378 | -9/Mines | Learned location of Storage (-9) 3551 | -9/Mines | Learned location of 1 exit from Proximity Caves 3624 | -9/Mines | X0-1V1 added 0b10 threat records associated with you (major) 3726 | -9/Mines | X0-1V1 mutated your Propulsion slot to Power slot 3903 | -9/Mines | X0-1V1 added 0b10 threat records associated with you (major) 4239 | -9/Mines | X0-1V1 added 0b10 threat records associated with you (major) 4289 | -9/Mines | System corruption reached 10% 4293 | -9/Mines | Entered Materials 4293 | -8/Materials | Accompanied by 3 allies 4293 | -8/Materials | Evolved 4 slots: Propulsion x1, Utility x2, Weapon x1 4294 | -8/Materials | Identified exit to Factory 4324 | -8/Materials | X0-1V1 redirected Transport squads to designated parking area 4533 | -8/Materials | X0-1V1 mutated your Propulsion slot to Weapon slot 4941 | -8/Materials | X0-1V1 upgraded hostiles (x3) 4943 | -8/Materials | X0-1V1 sent allied Chaos Knight (x1) 5055 | -8/Materials | Heat dissipation permanently improved by X0-1V1 (+20; -100 max core) 5061 | -8/Materials | X0-1V1 announced a LAN party 5307 | -8/Materials | Identified exit to Garrison 5307 | -8/Materials | Entered Garrison 5330 | -8/Garrison | Rescued a captive Derelict 5331 | -8/Garrison | Rescued a captive Derelict 5385 | -8/Garrison | Triggered checkpoint 5493 | -8/Garrison | Garrison Relay disabled 5633 | -8/Garrison | Installed Relay Interface Framework 5809 | -8/Garrison | Triggered checkpoint 5823 | -8/Garrison | Triggered checkpoint 5858 | -8/Garrison | Destroyed 9 combat bots 6156 | -8/Garrison | Discovered exit to Factory (range 13) 6219 | -8/Garrison | Garrison Relay disabled 6285 | -8/Garrison | Triggered checkpoint 6294 | -8/Garrison | Triggered checkpoint 6322 | -8/Garrison | Destroyed 9 combat bots 6342 | -8/Garrison | System corruption reached 10% 6352 | -8/Garrison | Discovered exit to Factory (range 9) 6398 | -8/Garrison | Discovered exit to Factory (range 14) 6398 | -8/Garrison | Discovered exit to Factory (range 72) 6398 | -8/Garrison | Discovered exit to Factory (range 56) 6398 | -8/Garrison | Discovered new exit (range 50) 6411 | -8/Garrison | Triggered checkpoint 6446 | -8/Garrison | System corruption reached 30% 6475 | -8/Garrison | Garrison Relay disabled 6553 | -8/Garrison | Expanded RIF knowledge: Autooverride 6583 | -8/Garrison | Garrison Relay disabled 6667 | -8/Garrison | Triggered checkpoint 6881 | -8/Garrison | X0-1V1 activates XOMVISION 6893 | -8/Garrison | Entered Materials 6949 | -8/Materials | Identified exit to Garrison 7027 | -8/Materials | Build established: Bothacker-Mutant 7146 | -8/Materials | Core integrity fell below 50% 7605 | -8/Materials | X0-1V1 sent allied H-71 Marshal (x1) 7634 | -8/Materials | Discovered exit to Factory (range 7) 7650 | -8/Materials | Entered Factory 7650 | -7/Factory | Accompanied by 1 ally 7650 | -7/Factory | Evolved 2 slots: Utility x2 7652 | -7/Factory | FarCom data flow suspended 7954 | -7/Factory | Lost 5 parts (2n3w) 8185 | -7/Factory | Garrison activated, responded to threat 8247 | -7/Factory | Build established: Bothacker-Tank 8261 | -7/Factory | System corruption reached 10% 8299 | -7/Factory | Identified exit to Garrison 8340 | -7/Factory | Entered Garrison 8340 | -7/Garrison | Accompanied by 2 allies 8462 | -7/Garrison | Triggered checkpoint 8473 | -7/Garrison | Garrison Relay disabled 8482 | -7/Garrison | X0-1V1 sent hostile H-55 Commando (x2) 8605 | -7/Garrison | Build established: Bothacker-Mutant 9022 | -7/Garrison | Triggered checkpoint 9242 | -7/Garrison | Core integrity restored by X0-1V1 (+120) 9278 | -7/Garrison | Triggered checkpoint 9350 | -7/Garrison | Lost 4 parts (1p2u1w) 9386 | -7/Garrison | Garrison Relay disabled 9474 | -7/Garrison | Discovered new exit (range 10) 9578 | -7/Garrison | Triggered checkpoint 9593 | -7/Garrison | Build established: Mutant 9696 | -7/Garrison | Expanded RIF knowledge: Command Fork 9733 | -7/Garrison | Identified exit to Factory 9733 | -7/Garrison | X0-1V1 revealed exit location to -7/Factory 9809 | -7/Garrison | Lost 4 allies 9888 | -7/Garrison | Triggered checkpoint 9905 | -7/Garrison | Core integrity fell below 50% 9948 | -7/Garrison | Garrison Relay disabled 10217 | -7/Garrison | X0-1V1 activates XOMVISION 10294 | -7/Garrison | Build established: Hauler-Tank 10327 | -7/Garrison | Discovered exit to Factory (range 12) 10422 | -7/Garrison | Entered Factory 10422 | -7/Factory | Discovered new exit (range 10) 10700 | -7/Factory | Fabricated S-27 Virus? 11135 | -7/Factory | Entered Lower Caves 11135 | -7/Lower Caves | Accompanied by 4 allies 11387 | -7/Lower Caves | Attracted the attention of an 0b10 outpost 11759 | -7/Lower Caves | Core integrity fell below 20% 11912 | -7/Lower Caves | Build established: Trapper-Tank 11923 | -7/Lower Caves | X0-1V1 activates XOMVISION 12102 | -7/Lower Caves | Learned Factory security intel 12462 | -7/Lower Caves | Core integrity restored by X0-1V1 (+115) 12485 | -7/Lower Caves | Discovered new exit (range 12) 12781 | -7/Lower Caves | Core integrity restored by X0-1V1 (+95) 12861 | -7/Lower Caves | Core integrity restored by X0-1V1 (+95) 13630 | -7/Lower Caves | Entered another Lower Caves area 13630 | -7/Lower Caves | Accompanied by 1 ally 13653 | -7/Lower Caves | Identified exit to Factory 13653 | -7/Lower Caves | X0-1V1 revealed exit location to -6/Factory 13758 | -7/Lower Caves | X0-1V1 vaporized surrounding terrain (radius 16) 13947 | -7/Lower Caves | Spotted B-75 Beast 13971 | -7/Lower Caves | Destroyed B-75 Beast 14284 | -7/Lower Caves | Encountered a Master Thief 14285 | -7/Lower Caves | Encountered a Master Thief 14285 | -7/Lower Caves | Encountered a Master Thief 14287 | -7/Lower Caves | Encountered a Master Thief 14292 | -7/Lower Caves | Imp. Heavy Treads stolen by Master Thief 14292 | -7/Lower Caves | Imp. Heavy Treads stolen by Master Thief 14295 | -7/Lower Caves | Imp. Heavy Treads stolen by Master Thief 14323 | -7/Lower Caves | Discovered new exit (range 17) 14420 | -7/Lower Caves | Entered Zion 14565 | -7/Zion | Discovered new exit (range 12) 14685 | -7/Zion | Given the Hacking Drone Bay 14685 | -7/Zion | Found Prototype Device 14722 | -7/Zion | Build established: Trapper-Mutant 14792 | -7/Zion | System corruption cleaned by Quarantine Array 15010 | -7/Zion | RIF detected upon attempting to enter Zion 15010 | -7/Zion | Attacked by Zionites 15199 | -7/Zion | Build established: Trapper-Tank 15242 | -7/Zion | Core integrity restored by X0-1V1 (+90) 15290 | -7/Zion | X0-1V1 activates XOMVISION 15438 | -7/Zion | X0-1V1 mutated your Weapon slot to Utility slot 15487 | -7/Zion | Entered Proximity Caves 15604 | -6/Proximity Caves | Attracted the attention of an 0b10 checkpoint 15622 | -6/Proximity Caves | Spotted B-75 Beast 15625 | -6/Proximity Caves | X0-1V1 whisked you away to safety 15638 | -6/Proximity Caves | X0-1V1 activates XOMVISION 15742 | -6/Proximity Caves | Build established: Trapper-Mutant 15921 | -6/Proximity Caves | Entered Factory 15921 | -6/Factory | Evolved 2 slots: Propulsion x1, Utility x1 16625 | -6/Factory | Discovered new exit (range 10) 16690 | -6/Factory | Identified exit to Lower Caves 16690 | -6/Factory | Identified exit to Extension 16800 | -6/Factory | Found Scatter Rocket Array 16804 | -6/Factory | Found Scatter Rocket Array 16829 | -6/Factory | Build established: Bothacker-Mutant 16916 | -6/Factory | X0-1V1 foreshadows a heat wave 16963 | -6/Factory | Discovered new exit (range 19) 17109 | -6/Factory | Ambient heat levels rising (+10) 17142 | -6/Factory | Lost 3 allies 17317 | -6/Factory | Build established: Trapper-Mutant 17363 | -6/Factory | Ambient heat levels rising (+10) 17378 | -6/Factory | Identified exit to Factory 17378 | -6/Factory | X0-1V1 revealed exit location to -5/Factory 17383 | -6/Factory | X0-1V1 whisked you away to safety 17462 | -6/Factory | Identified exit to Garrison 17475 | -6/Factory | Entered Garrison 17625 | -6/Garrison | Triggered checkpoint 17717 | -6/Garrison | Garrison Relay disabled 17903 | -6/Garrison | Triggered checkpoint 18017 | -6/Garrison | Discovered exit to Factory (range 8) 18027 | -6/Garrison | Spotted Striker 18030 | -6/Garrison | Spotted Executioner 18056 | -6/Garrison | Build established: Bothacker-Mutant 18070 | -6/Garrison | Core integrity fell below 50% 18097 | -6/Garrison | Rewired Executioner 18098 | -6/Garrison | Allies destroyed Striker 18114 | -6/Garrison | Allies destroyed Executioner 18120 | -6/Garrison | Rewired Striker 18124 | -6/Garrison | Found Prototype Processor 18131 | -6/Garrison | Found Prototype Processor 18131 | -6/Garrison | Identified Exp. Core Analyzer (x2) 18143 | -6/Garrison | Found Prototype Processor 18143 | -6/Garrison | Identified Exp. Targeting Computer 18145 | -6/Garrison | Lost 8 parts (2p1n4u1w) 18297 | -6/Garrison | Triggered checkpoint 18363 | -6/Garrison | Discovered exit to Factory (range 20) 18401 | -6/Garrison | Triggered checkpoint 18428 | -6/Garrison | Expanded RIF knowledge: Coupler Efficiency 18452 | -6/Garrison | Identified exit to Factory 18452 | -6/Garrison | X0-1V1 revealed exit location to -6/Factory 18657 | -6/Garrison | Triggered checkpoint 18719 | -6/Garrison | Build established: Botlord-Mutant 18748 | -6/Garrison | Triggered checkpoint 19000 | -6/Garrison | Heavy support dispatched to Factory 19152 | -6/Garrison | X0-1V1 revealed exit location to -5/Factory 19233 | -6/Garrison | Triggered checkpoint 19294 | -6/Garrison | Lost 7 parts (2p1n1u3w) 19296 | -6/Garrison | Destroyed 7 combat bots 19521 | -6/Garrison | Entered Factory 19521 | -6/Factory | Accompanied by 3 allies 19818 | -6/Factory | X0-1V1 enhanced Transport squad support 19887 | -6/Factory | Garrison activated, responded to threat 19934 | -6/Factory | Lost 4 allies 19950 | -6/Factory | X0-1V1 sent hostile S-27 Virus (x3) 20000 | -6/Factory | Identified exit to Garrison 20002 | -6/Factory | Entered Garrison 20002 | -6/Garrison | Accompanied by 7 allies 20034 | -6/Garrison | Expanded RIF knowledge: Program Shield 20080 | -6/Garrison | Triggered checkpoint 20119 | -6/Garrison | Learned Factory security intel 20202 | -6/Garrison | Triggered checkpoint 20269 | -6/Garrison | Core integrity fell below 20% 20271 | -6/Garrison | Lost 7 allies 20317 | -6/Garrison | Lost 3 parts (1p1n1w) 20439 | -6/Garrison | System corruption reached 10% 20530 | -6/Garrison | Discovered exit to Factory (range 8) 20550 | -6/Garrison | Entered Factory 20550 | -5/Factory | Evolved 2 slots: Utility x2 20834 | -5/Factory | P-70 Sage assimilated allied Smith 6a 20912 | -5/Factory | Destroyed 8 combat bots 20993 | -5/Factory | Garrison activated, responded to threat 21037 | -5/Factory | X0-1V1 sent hostile Thug (x2) 21078 | -5/Factory | Identified exit to Garrison 21078 | -5/Factory | Entered Garrison 21078 | -5/Garrison | Accompanied by 1 ally 21101 | -5/Garrison | Identified exit to Factory 21101 | -5/Garrison | X0-1V1 revealed exit location to -5/Factory 21108 | -5/Garrison | Triggered checkpoint 21149 | -5/Garrison | X0-1V1 mutated your Utility slot to Weapon slot 21163 | -5/Garrison | Lost 3 parts (2n1u) 21173 | -5/Garrison | Garrison Relay disabled 21194 | -5/Garrison | Lost 3 allies 21220 | -5/Garrison | System corruption reached 10% 21253 | -5/Garrison | Lost 7 parts (1p1n4u1w) 21290 | -5/Garrison | Expanded RIF knowledge: Hotswap 21451 | -5/Garrison | Identified Hacking Drone Bay 21532 | -5/Garrison | Expanded RIF knowledge: Structural Interface 21552 | -5/Garrison | Spotted B-75 Beast 21942 | -5/Garrison | Triggered checkpoint 21944 | -5/Garrison | Assimilated Heavy ARC 6a with formatsys_deep 21970 | -5/Garrison | Garrison Relay disabled 22011 | -5/Garrison | Build established: Botlord-Gunner 22270 | -5/Garrison | Discovered exit to Factory (range 14) 22291 | -5/Garrison | Found embedded Infiltrators 22308 | -5/Garrison | Entered Factory 22308 | -5/Factory | Accompanied by 3 allies 22404 | -5/Factory | X0-1V1 activates XOMVISION 22469 | -5/Factory | Weapon slot count temporarily expanded by X0-1V1 (+1) 22642 | -5/Factory | Identified exit to Garrison 22642 | -5/Factory | Entered Garrison 22642 | -5/Garrison | Accompanied by 7 allies 22705 | -5/Garrison | Rewired B-75 Beast 22706 | -5/Garrison | Rewired B-90 Cyclops 22800 | -5/Garrison | Triggered checkpoint 22855 | -5/Garrison | Garrison Relay disabled 22925 | -5/Garrison | Spotted B-75 Beast 22932 | -5/Garrison | Triggered checkpoint 22946 | -5/Garrison | Triggered checkpoint 22951 | -5/Garrison | Allies destroyed B-75 Beast 22954 | -5/Garrison | Triggered checkpoint 22954 | -5/Garrison | Triggered checkpoint 22980 | -5/Garrison | Lost 8 allies 23043 | -5/Garrison | Identified exit to Factory 23249 | -5/Garrison | Spotted B-75 Beast 23560 | -5/Garrison | Triggered checkpoint 23607 | -5/Garrison | Garrison Relay disabled 23719 | -5/Garrison | Build established: Commander-Gunner 23737 | -5/Garrison | Assimilated Beast 6b with formatsys_high 23743 | -5/Garrison | Garrison Relay disabled 23772 | -5/Garrison | Core integrity restored by X0-1V1 (+120) 23950 | -5/Garrison | X0-1V1 vaporized surrounding terrain (radius 18) 24414 | -5/Garrison | Triggered checkpoint 24451 | -5/Garrison | Garrison Relay disabled 24518 | -5/Garrison | X0-1V1 destroyed Phase Generator 24518 | -5/Garrison | Phase Generator disabled 24970 | -5/Garrison | Expanded RIF knowledge: Autooverride 25093 | -5/Garrison | Entered Factory 25093 | -4/Factory | Accompanied by 19 allies 25093 | -4/Factory | Evolved 2 slots: Propulsion x1, Utility x1 25251 | -4/Factory | Discovered new exit (range 75) 25343 | -4/Factory | First assault squad dispatched 25409 | -4/Factory | Build established: Commander-Tank 25545 | -4/Factory | Lost 3 allies 25622 | -4/Factory | Sucked down chute 25622 | -4/Factory | Entered Waste 25637 | -4/Waste | EMP discharged 25658 | -4/Waste | Spotted C-40 Crusher 25664 | -4/Waste | Identified exit to Factory 25664 | -4/Waste | X0-1V1 revealed exit location to -4/Factory 25667 | -4/Waste | Spotted C-40 Crusher 25668 | -4/Waste | Spotted C-40 Crusher 25674 | -4/Waste | Spotted C-40 Crusher 25689 | -4/Waste | Spotted C-40 Crusher 25715 | -4/Waste | Spotted C-40 Crusher 25737 | -4/Waste | EMP discharged 25737 | -4/Waste | System corruption reached 10% 25739 | -4/Waste | Allies destroyed C-40 Crusher 25781 | -4/Waste | Allies destroyed C-40 Crusher 25803 | -4/Waste | Met Warlord forces unprepared to attack 25830 | -4/Waste | Allies destroyed C-40 Crusher 25837 | -4/Waste | EMP discharged 25839 | -4/Waste | Allies destroyed C-40 Crusher 25908 | -4/Waste | Build established: Botlord-Gunner 25937 | -4/Waste | 13 allies followed down the chute 25937 | -4/Waste | EMP discharged 26025 | -4/Waste | Entered Factory 26025 | -4/Factory | Accompanied by 31 allies 26154 | -4/Factory | Garrison activated, responded to threat 26195 | -4/Factory | Lost 3 allies 26199 | -4/Factory | Identified exit to Garrison 26229 | -4/Factory | X0-1V1 activates XOMVISION 26275 | -4/Factory | First assault squad dispatched 26278 | -4/Factory | X0-1V1 rewrote Sentinel 6g IFF filter 26298 | -4/Factory | Entered Garrison 26298 | -4/Garrison | Accompanied by 29 allies 26307 | -4/Garrison | Identified exit to Research 26307 | -4/Garrison | X0-1V1 revealed exit location to -3/Research 26360 | -4/Garrison | Build established: Commander-Gunner 26362 | -4/Garrison | Triggered checkpoint 26362 | -4/Garrison | Garrison Relay disabled 26490 | -4/Garrison | Lost 13 allies 26517 | -4/Garrison | Spotted B-86 Titan 26517 | -4/Garrison | X0-1V1 sent you into danger 26519 | -4/Garrison | Triggered checkpoint 26526 | -4/Garrison | Triggered checkpoint 26539 | -4/Garrison | Triggered checkpoint 26544 | -4/Garrison | Triggered checkpoint 26556 | -4/Garrison | Destroyed B-86 Titan 26577 | -4/Garrison | Destroyed 7 combat bots 26584 | -4/Garrison | Lost 7 parts (1p2n2u2w) 26597 | -4/Garrison | Lost 9 allies 26676 | -4/Garrison | Triggered checkpoint 26841 | -4/Garrison | Build established: Botlord-Mutant 26890 | -4/Garrison | Spotted B-86 Titan 26892 | -4/Garrison | Discovered exit to Research (range 13) 26898 | -4/Garrison | Spotted B-90 Cyclops 26900 | -4/Garrison | Rewired B-90 Cyclops 26901 | -4/Garrison | Allies destroyed B-86 Titan 26906 | -4/Garrison | X0-1V1 activates XOMVISION 26914 | -4/Garrison | Allies destroyed B-90 Cyclops 26915 | -4/Garrison | Rewired B-86 Titan 26942 | -4/Garrison | Lost 4 allies 27052 | -4/Garrison | Triggered checkpoint 27058 | -4/Garrison | Garrison Relay disabled 27097 | -4/Garrison | Learned Research security intel 27384 | -4/Garrison | Expanded RIF knowledge: Threat Obfuscation 27400 | -4/Garrison | Triggered checkpoint 27464 | -4/Garrison | Rescued a captive Derelict 27494 | -4/Garrison | X0-1V1 revealed exit location to -3/Research 27578 | -4/Garrison | Found embedded Infiltrators 27768 | -4/Garrison | X0-1V1 activates XOMVISION 28256 | -4/Garrison | Triggered checkpoint 28516 | -4/Garrison | Triggered checkpoint 28764 | -4/Garrison | Entered Research 28764 | -3/Research | Accompanied by 13 allies 28764 | -3/Research | Evolved 2 slots: Propulsion x2 28768 | -3/Research | Discovered new exit (range 5) 29086 | -3/Research | Lost 3 allies 29138 | -3/Research | Identified exit to Testing 29239 | -3/Research | Lost 3 allies 29259 | -3/Research | Entered Testing 29259 | -3/Testing | Accompanied by 9 allies 29317 | -3/Testing | System corruption reached 10% 29412 | -3/Testing | Found Prototype Energy Cannon 29414 | -3/Testing | Identified Imp. Potential Cannon 29425 | -3/Testing | Found Prototype Energy Cannon 29425 | -3/Testing | Identified Potential Cannon 29581 | -3/Testing | Garrison activated, responded to threat 29619 | -3/Testing | Identified exit to Garrison 29624 | -3/Testing | Lost 8 allies 29732 | -3/Testing | Lost 9 allies 29812 | -3/Testing | Spotted Striker 29983 | -3/Testing | Lost 3 allies 30009 | -3/Testing | First assault squad dispatched 30050 | -3/Testing | Found Prototype Energy Gun 30050 | -3/Testing | Identified Warp Gun 30100 | -3/Testing | Identified exit to Research 30100 | -3/Testing | X0-1V1 revealed exit location to -2/Research 30234 | -3/Testing | Found Prototype Protection 30234 | -3/Testing | Identified Hvy. Regenerative Plating 30244 | -3/Testing | Found Prototype Protection 30244 | -3/Testing | Identified SHELL Armor 30349 | -3/Testing | X0-1V1 announced a LAN party 30357 | -3/Testing | Scanned by Researcher 30391 | -3/Testing | Garrison activated, responded to threat 30440 | -3/Testing | Weapon slot count temporarily expanded by X0-1V1 (+3) 30445 | -3/Testing | Unstable Terrabomb Derivative detonated 30486 | -3/Testing | Lost 3 parts (2n1w) 30493 | -3/Testing | Destroyed 8 combat bots 30724 | -3/Testing | Entered Garrison 30724 | -3/Garrison | Accompanied by 1 ally 30759 | -3/Garrison | Build established: Trapper-Mutant 30771 | -3/Garrison | Expanded RIF knowledge: Patrol Navigation 30921 | -3/Garrison | Garrison Relay disabled 31041 | -3/Garrison | Garrison Relay disabled 31276 | -3/Garrison | Spotted Striker 31276 | -3/Garrison | Spotted Striker 31335 | -3/Garrison | Triggered checkpoint 31336 | -3/Garrison | X0-1V1 sent allied H-77 Assassin (x2) 31338 | -3/Garrison | Triggered checkpoint 31340 | -3/Garrison | Spotted B-86 Titan 31348 | -3/Garrison | Destroyed B-86 Titan 31383 | -3/Garrison | Lost 3 parts (2n1u) 31388 | -3/Garrison | Destroyed 8 combat bots 31499 | -3/Garrison | Garrison Relay disabled 31534 | -3/Garrison | Triggered checkpoint 31601 | -3/Garrison | Discovered exit to Research (range 2) 31653 | -3/Garrison | Build established: Botlord-Gunner 32118 | -3/Garrison | Discovered exit to Research (range 14) 32127 | -3/Garrison | Triggered checkpoint 32190 | -3/Garrison | Garrison Relay disabled 32284 | -3/Garrison | X0-1V1 rewrote H-77 Assassin IFF filter 32424 | -3/Garrison | Triggered checkpoint 32655 | -3/Garrison | Entered Research 32655 | -2/Research | Accompanied by 8 allies 32655 | -2/Research | Evolved 2 slots: Power x1, Utility x1 32797 | -2/Research | Found Com. Tesla Bomb Launcher 32801 | -2/Research | Found Com. Tesla Bomb Launcher 32808 | -2/Research | Found Com. Tesla Bomb Launcher 32814 | -2/Research | Found Com. Tesla Bomb Launcher 32819 | -2/Research | Found Com. Tesla Bomb Launcher 32985 | -2/Research | Lost 6 allies 33107 | -2/Research | X0-1V1 sent you to a vault 33117 | -2/Research | Found Prototype Hackware 33140 | -2/Research | Identified System Mapper 33148 | -2/Research | Found Prototype Reactor 33148 | -2/Research | Identified Vortex Chain Reactor 33180 | -2/Research | Found Prototype Device 33180 | -2/Research | Identified Exp. Weapon Cycler 33217 | -2/Research | Found Prototype Device 33217 | -2/Research | Identified Adv. Particle Accelerator 33233 | -2/Research | Found Botcube 33245 | -2/Research | Build established: Botlord-Tank 33258 | -2/Research | X0-1V1 added 0b10 threat records associated with you (major) 33405 | -2/Research | First assault squad dispatched 33420 | -2/Research | X0-1V1 enhanced Transport squad support 33481 | -2/Research | X0-1V1 turns hostiles against one another 33533 | -2/Research | Destroyed 9 combat bots 33762 | -2/Research | Discovered new exit (range 5) 33864 | -2/Research | Identified exit to Quarantine 33868 | -2/Research | Entered Quarantine 33892 | -2/Quarantine | X0-1V1 sent hostile Y-72 Warden (x1) 34004 | -2/Quarantine | X0-1V1 activates XOMVISION 34168 | -2/Quarantine | Build established: Trapper-Tank 34253 | -2/Quarantine | System corruption reached 10% 34416 | -2/Quarantine | Found Alien Artifact 34467 | -2/Quarantine | Found Alien Artifact 34570 | -2/Quarantine | Found Prototype Device 34570 | -2/Quarantine | Identified Adv. EM Shield 34692 | -2/Quarantine | Found Alien Artifact 34723 | -2/Quarantine | Discovered new exit (range 12) 34917 | -2/Quarantine | Cryocooling Duct disabled 34932 | -2/Quarantine | Ambient heat levels rising (+20) 34932 | -2/Quarantine | Non-combat units ordered to evacuate 35058 | -2/Quarantine | Found Alien Artifact 35064 | -2/Quarantine | Found Alien Artifact 35085 | -2/Quarantine | Found Alien Artifact 35089 | -2/Quarantine | Found Alien Artifact 35093 | -2/Quarantine | Found Alien Artifact 35311 | -2/Quarantine | Spotted Fortress 35311 | -2/Quarantine | X0-1V1 sent you into danger 35318 | -2/Quarantine | Destroyed Fortress 35471 | -2/Quarantine | Discovered new exit (range 7) 35471 | -2/Quarantine | Discovered new exit (range 6) 35482 | -2/Quarantine | Entered Protoforge 35482 | -2/Protoforge | Spotted Hotshot 35482 | -2/Protoforge | Spotted Hotshot 35482 | -2/Protoforge | Spotted Hotshot 35527 | -2/Protoforge | Superfortress began startup sequence 35590 | -2/Protoforge | Spotted Hotshot 35590 | -2/Protoforge | Spotted Hotshot 35783 | -2/Protoforge | Identified Dimensional Node Initializer (x2) 35783 | -2/Protoforge | Initialized slip node 35850 | -2/Protoforge | Spotted Overlord 35861 | -2/Protoforge | Spotted Hotshot 35862 | -2/Protoforge | Spotted Hotshot 35864 | -2/Protoforge | Spotted Hotshot 35869 | -2/Protoforge | Spotted Immortal 35872 | -2/Protoforge | Spotted Hotshot 35875 | -2/Protoforge | Spotted Immortal 35878 | -2/Protoforge | Spotted Hotshot 35881 | -2/Protoforge | Spotted Hotshot 35881 | -2/Protoforge | Spotted Hotshot 35881 | -2/Protoforge | Spotted Hotshot 35881 | -2/Protoforge | Spotted Hotshot 35896 | -2/Protoforge | Identified Hpw. Transdimensional Reconstructor (x2) 35896 | -2/Protoforge | Warped through subspace to slip node 35896 | -2/Protoforge | Spotted Immortal 35909 | -2/Protoforge | Core integrity fell below 50% 35920 | -2/Protoforge | Released all parts (6) 35922 | -2/Protoforge | Core integrity fell below 20% 35924 | -2/Protoforge | Destroyed by H-88 Terminator with KE Penetrator Last Messages --------------- 35919_ Penetrated by Slug. 35919_ Adv. Heat Sink destroyed. 35920_ Pattern Transfigurator disabled. 35920_ Released Com. Tesla Bomb Launcher. 35920_ Released Cargo Storage Unit. 35920_ Released Imp. Energy Well. 35920_ Released Exp. Optical Array. 35920_ Released Exp. Weapon Cycler. 35920_ Released Enh. Nova Cannon. 35921_ Slammed into H-88 Terminator. 35921_ Penetrated by Slug. 35921_ Slug penetrates Wall. 35922_ Extracted 1 energy. 35922_ Penetrated by Slug. 35922_ Slug penetrates X-87 Electro. 35922_ K-01 Serf collects debris. 35922_ Penetrated by Slug. 35923_ Terminal disabled. 35924_ Penetrated by Slug. 35924_ X0-1V1 cackles wildly! Map ----- +----------------------------------------------------+ | ?????????????????????????????????????????????????? | | ?????????????????????????????????????????????????? | | ?????????????????????????????????????????????????? | | ?????????????????????????????????????????????????? | | ?????????????????????????????????????????????????? | | ?????????????????????????????????????????????????? | | ?????????????????????????????????????????????????? | | ?????????????????????????????????????????????????? | | ?????????????????????????????????????????????????? | | ?????????????????????????????????????????????????? | | ?????????????????????????????????????????????????? | | ?????????????????????????????????????????????????? | | ?????????????????????????????????????????????????? | | ?????????????????????????????????????????????????? | | ????????????????????????????????#########????????? | | ????????????????????????????????#"""S"""#????????? | | ??????????????????????????????###""" """####?????? | | ??????????????????????????????#!]%% #?????? | | ?????????????????????????????##*%|% "" """ #????## | | ?????????????????????????????#![]!!""" """ #????# | | ?????????????????????????????##%!|!""" """ #????? | | ????????????????###############[%!!! #????? | | ????????????????# h !h!!]%%!!"" #?????? | | ????????????????? """" x%hl#x!&! "" ""#?????? | | ????????????????? """" xhl/h%! "" ""#?????? | | ????????????????? """" @ %#% % % T"#?????? | | ????????????????? """" " T"" #=% ""#?????? | | ????????????????# """"" # = ""#?????? | | ?????????#??????############### % %%##????? | | ????????? ###################"##########???? | | ???????????# % =*! %###### | | ???????????# |%= [%! = | | ???????????# """" !###### | | ???????????# """" ##???? | | ???????????###################### """" #????? | | ????????????????????????????????# """" #????? | | ??????????###???????????????????# #????? | | ??????????# ##?????????????????# """" #????? | | ???????????# ##???????????????# """" #????? | | ??????????###"""################# """" +????? | | ????#?????# """" #????? | | ????# ????# ^ #####"##### #????? | | ????# ##### ##########???###???# """" ""#????? | | ????# #??????????????????# """" ""#????? | | ????# #?????????????????? """" ""#????? | | ????# #?????????????????? """" T#????? | | ????# #?????????????????? ""#????? | | ????# #?????????????????? "?#????? | | ????###+## #?????????????????? "??????? | | ?????????# #?????????????????? ??????? | +----------------------------------------------------+ Best States ------------- Heat Dissipation 183 Coolant Potential 100 Energy Generation 105 Energy Capacity 2080 Matter Stores 900 Matter Capacity 1000 Sight Range 29 Robot Scan Range 16 Terrain Scan Density 10 Jamming Range 16 Power Amplification 40 Additional Mass Support 12 Armor Coverage 900 Resistance: KI 30 Resistance: TH 10 Resistance: EM 50 Core Shielding 40 Weapon Cycling 30 Phase Shifting 15 Evasion (%) 55 Targeting Accuracy 12 Core Analysis 8 Armor Integrity Analysis 40 Recoil Reduction 6 Particle Charging 50 Offensive Hacking 20 Relay Coupler Types 5 Relay Coupler Value 297 Authchip Count 10 Trap Extractor Capacity 8 Item Schematics ----------------- Exp. Myomer Leg | -3/Testing | Archive Quantum Shading Machine | -3/Testing | Archive Molecular Scythe | -3/Testing | Archive Spectral Analyzer | -3/Testing | Archive Exp. Optical Array | -3/Testing | Archive Cld. Antigrav System | -3/Testing | Archive Hds. Centrium Wheel | -3/Testing | Archive Imp. Matter Neutralizer | -3/Testing | Archive Cld. Proton Cannon | -3/Testing | Archive Exp. Targeting Computer | -3/Testing | Archive Helical Railgun | -3/Testing | Archive Exp. Thermal Shield | -3/Testing | Archive Hvy. Wave Gun | -3/Testing | Archive Hvy. Dispersion Rifle | -3/Testing | Archive Com. Particle Reactor | -3/Testing | Archive Lgt. Neutrino Core | -3/Testing | Archive Lgt. Antimatter Cannon | -3/Testing | Archive Adv. Remote Shield | -2/Quarantine | Archive Ragnarok Missile Launcher | -2/Quarantine | Archive Robot Schematics ------------------ K-01 Serf | -3/Testing | Archive E-15 Imp | -3/Testing | Archive A-02 Transporter | -3/Testing | Archive Y-72 Warden | -3/Testing | Archive R-06 Scavenger | -2/Quarantine | Archive G-73 Enforcer | -2/Quarantine | Archive Fabricated ------------ S-27 Virus | x4 | -7/Factory | Preloaded Repaired ---------- Nothing Studied --------- Flexi-carbon Leg | -6/Factory | Hacked Lgt. Nuclear Core | -6/Factory | Hacked Adv. Remote Datajack | -2/Research | Hacked Particle Reactor | -2/Research | Hacked Lgt. Quantum Reactor | -2/Quarantine | Hacked Adv. Heavy Siege Treads | -2/Protoforge | Hacked Alien Tech Used ----------------- Dimensional Node Initializer High-powered Transdimensional Reconstructor Achievements -------------- None Challenges ------------ None Game ------ Seed MomentumDroneDesublimator Manual? 0 Play Time 05:13:44 Cumulative 1007.5 hours Start 2026.07.18 @ 15:56:04 End 2026.07.27 @ 02:15:54 Sessions 52 Manual Loads 0 Difficulty Rogue Special Mode None Game No. 1136 Rogue 1136 Adventurer 0 Explorer 0 Win Type - Total 45 Types 22/1/9/3/2/1/3/2/1/1 Lore% 98 Gallery% 97 Achievement% 93 Wizard Run 0 Options --------- Layout 0 ASCII 0 Keyboard 0 Movement Mouse Keybinds 0 Fullscreen 1 Font 24/X11 Map View 76x50 Zoom Use 0% Tactical HUD 1 Map Filters NONE Filters NONE Steam 1 RUN: 235c576b-32c4-491e-96f7-5a7ab7d66be2